Workbook
Name \a: #REF!
Name \a: #REF!
Name \a: #REF!
Name \a: #REF!
Name \P: #REF!
Name _DAT4: #REF!
Name _New2: #REF!
Name _New2: #REF!
Name _New2: #REF!
Name _New3: #REF!
Name _New3: #REF!
Name _New3: #REF!
Name _New4: #REF!
Name _New4: #REF!
Name _New4: #REF!
Name _RA2004: #REF!
Name _RA2004: #REF!
Name _RA2004: #REF!
Name _RC101: #REF!
Name _RC101: #REF!
Name _RC101: #REF!
Name _RC201: #REF!
Name _RC201: #REF!
Name _RC201: #REF!
Name _RC401: #REF!
Name _RC501: #REF!
Name _Unb200301: #REF!
Name _Unb200302: #REF!
Name _Unb200303: #REF!
Name _Unb200304: #REF!
Name _Unb200305: #REF!
Name _Unb200306: #REF!
Name _Unb200307: #REF!
Name _Unb200308: #REF!
Name _Unb200309: #REF!
Name _Unb200310: #REF!
Name _Unb200311: #REF!
Name _Unb200312: #REF!
Name _Unb200401: #REF!
Name _Unb200402: #REF!
Name _Unb200403: #REF!
Name _Unb200404: #REF!
Name _Unb200405: #REF!
Name _Unb200406: #REF!
Name _Unb200407: #REF!
Name _Unb200408: #REF!
Name _Unb200409: #REF!
Name _Unb200410: #REF!
Name _Unb200411: #REF!
Name _Unb200412: #REF!
Name _Unb200501: #REF!
Name _Unb200502: #REF!
Name _Unb200503: #REF!
Name _Unb200504: #REF!
Name _Unb200505: #REF!
Name _Unb200506: #REF!
Name _Unb200507: #REF!
Name _Unb200508: #REF!
Name _Unb200509: #REF!
Name _Unb200510: #REF!

Sheet BGS Cost & Bid Factors
B1: ="Development of BGS Cost and Bid Factors for Rates Effective June 1, " &M1 -> Development of BGS Cost and Bid Factors for Rates Effective June 1, 2027 | M1: 2027 | N1: <<< Year of the auction
D3: ="Based on " &M1-1 &" Load Profile Information" -> Based on 2026 Load Profile Information
A4: Table #1 | B4: % Usage During PJM On-Peak Period | D4: On-Peak periods defined as the 16 hr PJM Trading period, adj for NERC holidays | L4: ="'% usage during Off-Peak period (from "&M1-1&" profiles)" -> '% usage during Off-Peak period (from 2026 profiles)
C5: Profile Meter Data | D5: Profile Meter Data | E5: Profile Meter Data | F5: --- Other Analysis --- | H5: Profile Meter Data | L5: Profile Meter Data | M5: Profile Meter Data | N5: Profile Meter Data | O5: -- Other Analysis -- | Q5: Profile Meter Data
C6: SC1 | D6: SC3 | E6: SC2 ND | F6: SC4 | G6: SC6 | H6: SC2 Dem | L6: =+C6 -> SC1 | M6: =+D6 -> SC3 | N6: =+E6 -> SC2 ND | O6: =+F6 -> SC4 | P6: =+G6 -> SC6 | Q6: =+H6 -> SC2 Dem
B8: January | C8: 0.80670996 | D8: 0.51716304 | E8: 0.4614 | F8: 0.48336239 | G8: =F8 -> 0.48336239 | H8: 0.56183776 | L8: =1-C8 -> 0.19329004 | M8: =1-D8 -> 0.48283696 | N8: =1-E8 -> 0.5386 | O8: =1-F8 -> 0.51663761 | P8: =1-G8 -> 0.51663761 | Q8: =1-H8 -> 0.43816224
B9: February | C9: 0.81832636 | D9: 0.5343693 | E9: 0.4632 | F9: 0.50006649 | G9: =F9 -> 0.50006649 | H9: 0.57851003 | L9: =1-C9 -> 0.18167364 | M9: =1-D9 -> 0.4656307 | N9: =1-E9 -> 0.5368 | O9: =1-F9 -> 0.49993351 | P9: =1-G9 -> 0.49993351 | Q9: =1-H9 -> 0.42148997
B10: March | C10: 0.79809359 | D10: 0.53406767 | E10: 0.4865 | F10: 0.50924082 | G10: =F10 -> 0.50924082 | H10: 0.57503195 | L10: =1-C10 -> 0.20190641 | M10: =1-D10 -> 0.46593233 | N10: =1-E10 -> 0.5135 | O10: =1-F10 -> 0.49075918 | P10: =1-G10 -> 0.49075918 | Q10: =1-H10 -> 0.42496805
B11: April | C11: 0.86029434 | D11: 0.56290702 | E11: 0.458 | F11: 0.52407612 | G11: =F11 -> 0.52407612 | H11: 0.60432767 | L11: =1-C11 -> 0.13970566 | M11: =1-D11 -> 0.43709298 | N11: =1-E11 -> 0.542 | O11: =1-F11 -> 0.47592388 | P11: =1-G11 -> 0.47592388 | Q11: =1-H11 -> 0.39567233
B12: May | C12: 0.80586627 | D12: 0.50008964 | E12: 0.4577 | F12: 0.47372206 | G12: =F12 -> 0.47372206 | H12: 0.54932925 | L12: =1-C12 -> 0.19413373 | M12: =1-D12 -> 0.49991036 | N12: =1-E12 -> 0.5423 | O12: =1-F12 -> 0.52627794 | P12: =1-G12 -> 0.52627794 | Q12: =1-H12 -> 0.45067075
B13: June | C13: 0.94478191 | D13: 0.58742554 | E13: 0.5168 | F13: 0.60639567 | G13: =F13 -> 0.60639567 | H13: 0.63256638 | L13: =1-C13 -> 0.055218085 | M13: =1-D13 -> 0.41257446 | N13: =1-E13 -> 0.4832 | O13: =1-F13 -> 0.39360433 | P13: =1-G13 -> 0.39360433 | Q13: =1-H13 -> 0.36743362
B14: July | C14: 0.94583429 | D14: 0.59476336 | E14: 0.4615 | F14: 0.60918928 | G14: =F14 -> 0.60918928 | H14: 0.63418288 | L14: =1-C14 -> 0.05416571 | M14: =1-D14 -> 0.40523664 | N14: =1-E14 -> 0.5385 | O14: =1-F14 -> 0.39081072 | P14: =1-G14 -> 0.39081072 | Q14: =1-H14 -> 0.36581712
B15: August | C15: 0.8665303 | D15: 0.54144312 | E15: 0.5271 | F15: 0.54067747 | G15: =F15 -> 0.54067747 | H15: 0.58549569 | L15: =1-C15 -> 0.1334697 | M15: =1-D15 -> 0.45855688 | N15: =1-E15 -> 0.4729 | O15: =1-F15 -> 0.45932253 | P15: =1-G15 -> 0.45932253 | Q15: =1-H15 -> 0.41450431
B16: September | C16: 0.85439804 | D16: 0.54952134 | E16: 0.4759 | F16: 0.53123355 | G16: =F16 -> 0.53123355 | H16: 0.59394698 | L16: =1-C16 -> 0.14560196 | M16: =1-D16 -> 0.45047866 | N16: =1-E16 -> 0.5241 | O16: =1-F16 -> 0.46876645 | P16: =1-G16 -> 0.46876645 | Q16: =1-H16 -> 0.40605302
B17: October | C17: 0.86748577 | D17: 0.54590673 | E17: 0.4734 | F17: 0.53191426 | G17: =F17 -> 0.53191426 | H17: 0.59552848 | L17: =1-C17 -> 0.13251423 | M17: =1-D17 -> 0.45409327 | N17: =1-E17 -> 0.5266 | O17: =1-F17 -> 0.46808574 | P17: =1-G17 -> 0.46808574 | Q17: =1-H17 -> 0.40447152
B18: November | C18: 0.76912861 | D18: 0.51175828 | E18: 0.465 | F18: 0.50176553 | G18: =F18 -> 0.50176553 | H18: 0.55078461 | L18: =1-C18 -> 0.23087139 | M18: =1-D18 -> 0.48824172 | N18: =1-E18 -> 0.535 | O18: =1-F18 -> 0.49823447 | P18: =1-G18 -> 0.49823447 | Q18: =1-H18 -> 0.44921539
B19: December | C19: 0.83073114 | D19: 0.53402606 | E19: 0.4527 | F19: 0.52736505 | G19: =F19 -> 0.52736505 | H19: 0.57926472 | L19: =1-C19 -> 0.16926886 | M19: =1-D19 -> 0.46597394 | N19: =1-E19 -> 0.5473 | O19: =1-F19 -> 0.47263495 | P19: =1-G19 -> 0.47263495 | Q19: =1-H19 -> 0.42073528
A22: Table #2 | B22: % Usage During RECO On-Peak Billing Period | E22: On-Peak periods as defined in specified rate schedule
C23: N/A | E23: N/A | F23: N/A | G23: N/A | H23: N/A | L23: N/A | M23: =M1-2&" Forecasted Billed Sales" -> 2025 Forecasted Billed Sales | N23: N/A | O23: N/A | P23: N/A | Q23: N/A
B24: (data rounded to nearest %) | C24: =+C6 -> SC1 | D24: =+D6 -> SC3 | E24: =+E6 -> SC2 ND | F24: =+F6 -> SC4 | G24: =+G6 -> SC6 | H24: =+H6 -> SC2 Dem | I24: SC1 TOD | L24: =+C6 -> SC1 | M24: =+D6 -> SC3 | N24: =+E6 -> SC2 ND | O24: =+F6 -> SC4 | P24: =+G6 -> SC6 | Q24: =+H6 -> SC2 Dem | R24: SC1 TOD
B26: January | C26: ---- | D26: 0.381 | E26: ---- | F26: ---- | G26: ---- | H26: ---- | I26: 0.23233717 | M26: =1-D26 -> 0.619 | R26: =1-I26 -> 0.76766283
B27: February | C27: ---- | D27: 0.381 | E27: ---- | F27: ---- | G27: ---- | H27: ---- | I27: 0.24400519 | M27: =1-D27 -> 0.619 | R27: =1-I27 -> 0.75599481
B28: March | C28: ---- | D28: 0.34 | E28: ---- | F28: ---- | G28: ---- | H28: ---- | I28: 0.23361763 | M28: =1-D28 -> 0.66 | R28: =1-I28 -> 0.76638237
B29: April | C29: ---- | D29: 0.353 | E29: ---- | F29: ---- | G29: ---- | H29: ---- | I29: 0.22673528 | M29: =1-D29 -> 0.647 | R29: =1-I29 -> 0.77326472
B30: May | C30: ---- | D30: 0.383 | E30: ---- | F30: ---- | G30: ---- | H30: ---- | I30: 0.26512836 | M30: =1-D30 -> 0.617 | R30: =1-I30 -> 0.73487164
B31: June | C31: ---- | D31: 0.398 | E31: ---- | F31: ---- | G31: ---- | H31: ---- | I31: 0.30467924 | M31: =1-D31 -> 0.602 | R31: =1-I31 -> 0.69532076
B32: July | C32: ---- | D32: 0.426 | E32: ---- | F32: ---- | G32: ---- | H32: ---- | I32: 0.31394108 | M32: =1-D32 -> 0.574 | R32: =1-I32 -> 0.68605892
B33: August | C33: ---- | D33: 0.456 | E33: ---- | F33: ---- | G33: ---- | H33: ---- | I33: 0.31835902 | M33: =1-D33 -> 0.544 | R33: =1-I33 -> 0.68164098
B34: September | C34: ---- | D34: 0.371 | E34: ---- | F34: ---- | G34: ---- | H34: ---- | I34: 0.29385622 | M34: =1-D34 -> 0.629 | R34: =1-I34 -> 0.70614378
B35: October | C35: ---- | D35: 0.387 | E35: ---- | F35: ---- | G35: ---- | H35: ---- | I35: 0.24085108 | M35: =1-D35 -> 0.613 | R35: =1-I35 -> 0.75914892
B36: November | C36: ---- | D36: 0.371 | E36: ---- | F36: ---- | G36: ---- | H36: ---- | I36: 0.25951462 | M36: =1-D36 -> 0.629 | R36: =1-I36 -> 0.74048538
B37: December | C37: ---- | D37: 0.351 | E37: ---- | F37: ---- | G37: ---- | H37: ---- | I37: 0.24645308 | M37: =1-D37 -> 0.649 | R37: =1-I37 -> 0.75354692
A40: Table #3 | B40: Class Usage @ customer | L40: Usage by season
B41: ="Calendar month billed sales forecasted for " &M1 -> Calendar month billed sales forecasted for 2027
B42: in MWh | C42: =+C6 -> SC1 | D42: =+D6 -> SC3 | E42: =+E6 -> SC2 ND | F42: =+F6 -> SC4 | G42: =+G6 -> SC6 | H42: =+H6 -> SC2 Dem | I42: Total | L42: =+C6 -> SC1 | M42: =+D6 -> SC3 | N42: =+E6 -> SC2 ND | O42: =+F6 -> SC4 | P42: =+G6 -> SC6 | Q42: =+H6 -> SC2 Dem | R42: SC1 TOD
B44: January | C44: 62434 | D44: 28.799242 | E44: ='Backup Calcs'!D79 -> 1461 | F44: 615.5 | G44: 477 | H44: ='Backup Calcs'!E79 -> 29714.799 | I44: =SUM(C44:H44) -> 94731.098 | K44: winter MWh = | L44: =SUM(C44:C48,C53:C55) -> 418285 | M44: =SUM(D44:D48,D53:D55) -> 196.14261 | N44: =SUM(E44:E48,E53:E55) -> 8526 | O44: =SUM(F44:F48,F53:F55) -> 4362 | P44: =SUM(G44:G48,G53:G55) -> 3444 | Q44: =SUM(H44:H48,H53:H55) -> 224400.93 | R44: =L44 -> 418285
B45: February | C45: 55849 | D45: 26.432757 | E45: ='Backup Calcs'!D80 -> 1504 | F45: 644 | G45: 392 | H45: ='Backup Calcs'!E80 -> 30985.485 | I45: =SUM(C45:H45) -> 89400.918 | K45: on-peak | M45: =SUMPRODUCT(D26:D30,D44:D48)+SUMPRODUCT(D35:D37,D53:D55) -> 72.269622 | R45: =SUMPRODUCT(I26:I30,C44:C48)+SUMPRODUCT(I35:I37,C53:C55) -> 101722.64
B46: March | C46: 49736.5 | D46: 24.46543 | E46: ='Backup Calcs'!D81 -> 1112 | F46: 543.5 | G46: 379.5 | H46: ='Backup Calcs'!E81 -> 27467.368 | I46: =SUM(C46:H46) -> 79263.334 | K46: off-peak | M46: =+M44-M45 -> 123.87299 | R46: =R44-R45 -> 316562.36
B47: April | C47: 45075.5 | D47: 23.637863 | E47: ='Backup Calcs'!D82 -> 875 | F47: 373 | G47: 308 | H47: ='Backup Calcs'!E82 -> 24316.609 | I47: =SUM(C47:H47) -> 70971.747
B48: May | C48: 47795 | D48: 22.338158 | E48: ='Backup Calcs'!D83 -> 750 | F48: 475.5 | G48: 409 | H48: ='Backup Calcs'!E83 -> 27609.535 | I48: =SUM(C48:H48) -> 77061.373 | K48: summer MWh = | L48: =SUM(C49:C52) -> 329626.5 | M48: =+SUM(D49:D52) -> 119.05706 | N48: =+SUM(E49:E52) -> 3487 | O48: =+SUM(F49:F52) -> 1696.5 | P48: =+SUM(G49:G52) -> 1455 | Q48: =+SUM(H49:H52) -> 133219.43 | R48: =L48 -> 329626.5
B49: June | C49: 66132 | D49: 25.675472 | E49: ='Backup Calcs'!D84 -> 739 | F49: 415.5 | G49: 379 | H49: ='Backup Calcs'!E84 -> 28259.872 | I49: =SUM(C49:H49) -> 95951.047 | K49: on-peak | M49: =+SUMPRODUCT(D31:D34,D49:D52) -> 49.396253 | R49: =+SUMPRODUCT(I31:I34,C49:C52) -> 101654.36
B50: July | C50: 91475 | D50: 30.346819 | E50: ='Backup Calcs'!D85 -> 931 | F50: 418.5 | G50: 333.5 | H50: ='Backup Calcs'!E85 -> 34268.476 | I50: =SUM(C50:H50) -> 127456.82 | K50: off-peak | M50: =+M48-M49 -> 69.660811 | R50: =R48-R49 -> 227972.14
B51: August | C51: 91359 | D51: 33.691405 | E51: ='Backup Calcs'!D86 -> 955 | F51: 402.5 | G51: 354.5 | H51: ='Backup Calcs'!E86 -> 36838.265 | I51: =SUM(C51:H51) -> 129942.96
B52: September | C52: 80660.5 | D52: 29.343367 | E52: ='Backup Calcs'!D87 -> 862 | F52: 460 | G52: 388 | H52: ='Backup Calcs'!E87 -> 33852.814 | I52: =SUM(C52:H52) -> 116252.66 | K52: Block1 | L52: =ROUND(L48*E156,0) -> 141772
B53: October | C53: 55224.5 | D53: 23.692759 | E53: ='Backup Calcs'!D88 -> 810 | F53: 532.5 | G53: 490 | H53: ='Backup Calcs'!E88 -> 31335.683 | I53: =SUM(C53:H53) -> 88416.376 | K53: Block2 | L53: =L48-L52 -> 187854.5
B54: November | C54: 45707 | D54: 21.03449 | E54: ='Backup Calcs'!D89 -> 789 | F54: 577 | G54: 509 | H54: ='Backup Calcs'!E89 -> 25253.954 | I54: =SUM(C54:H54) -> 72856.989 | K54: Block3
B55: December | C55: 56463.5 | D55: 25.74191 | E55: ='Backup Calcs'!D90 -> 1225 | F55: 601 | G55: 479.5 | H55: ='Backup Calcs'!E90 -> 27717.496 | I55: =SUM(C55:H55) -> 86512.238
B56: Total | C56: =SUM(C44:C55) -> 747911.5 | D56: =SUM(D44:D55) -> 315.19967 | E56: =SUM(E44:E55) -> 12013 | F56: =SUM(F44:F55) -> 6058.5 | G56: =SUM(G44:G55) -> 4899 | H56: =SUM(H44:H55) -> 357620.36 | I56: =SUM(I44:I55) -> 1128817.6
O57: Calculation of TOU Rate Adjustment to Reflect Difference between RECO and PJM Time Periods
A59: Table #4 | B59: Forwards Prices - Energy Only @ bulk system | P59: Tariff Based On-Peak
B60: in $/MWh (See Table 18) | S60: =D6 -> SC3 | V60: SC1 TOD
C61: On-Peak | D61: Off-Peak
B62: January | C62: =G428 -> 97.05 | D62: =H428 -> 81.91 | Q62: winter MWh = | S62: =SUM(D44:D48,D53:D55) -> 196.14261 | V62: =R44 -> 418285
B63: February | C63: =G429 -> 86.88 | D63: =H429 -> 71.97 | Q63: on-peak | S63: =SUMPRODUCT(D26:D30,D44:D48)+SUMPRODUCT(D35:D37,D53:D55) -> 72.269622 | T63: =S63/S62 -> 0.36845447 | V63: =R45 -> 101722.64
B64: March | C64: =G430 -> 56.42 | D64: =H430 -> 45.96 | Q64: off-peak | S64: =SUMPRODUCT(M26:M30,D44:D48)+SUMPRODUCT(M35:M37,D53:D55) -> 123.87299 | V64: =R46 -> 316562.36
B65: April | C65: =G431 -> 54.55 | D65: =H431 -> 45.21
B66: May | C66: =G432 -> 53.43 | D66: =H432 -> 44.06 | Q66: summer MWh = | S66: =+SUM(D49:D52) -> 119.05706 | V66: =R48 -> 329626.5
B67: June | C67: =G433 -> 55.58 | D67: =H433 -> 34.35 | Q67: on-peak | S67: =+SUMPRODUCT(D31:D34,D49:D52) -> 49.396253 | T67: =S67/S66 -> 0.41489561 | V67: =R49 -> 101654.36
B68: July | C68: =G434 -> 80.45 | D68: =H434 -> 48.98 | Q68: off-peak | S68: =SUMPRODUCT(M31:M34,D49:D52) -> 69.660811 | V68: =R50 -> 227972.14
B69: August | C69: =G435 -> 67.8 | D69: =H435 -> 39.98
B70: September | C70: =G436 -> 56.87 | D70: =H436 -> 35.33 | P70: PJM based On-Peak kWh
B71: October | C71: =G437 -> 58.51 | D71: =H437 -> 47.84 | S71: =S60 -> SC3
B72: November | C72: =G438 -> 60.49 | D72: =H438 -> 49.46
B73: December | C73: =G439 -> 74.23 | D73: =H439 -> 62.03 | Q73: winter MWh = | S73: =SUM(D44:D48,D53:D55) -> 196.14261 | V73: =V62 -> 418285
Q74: on-peak | S74: =SUMPRODUCT(D8:D12,D44:D48)+SUMPRODUCT(D17:D19,D53:D55) -> 104.00741 | T74: =S74/S73 -> 0.53026426 | V74: =SUMPRODUCT(C8:C12,C44:C48)+SUMPRODUCT(C17:C19,C53:C55) -> 343024.81
Q75: off-peak | S75: =SUMPRODUCT(M8:M12,D44:D48)+SUMPRODUCT(M17:M19,D53:D55) -> 92.135194 | V75: =V73-V74 -> 75260.187
A76: Table #5 | B76: Losses | C76: =+C6 -> SC1 | D76: =+D6 -> SC3 | E76: =+E6 -> SC2 ND | F76: =+F6 -> SC4 | G76: =+G6 -> SC6 | H76: =+H6 -> SC2 Dem
Q77: summer MWh = | S77: =+SUM(D49:D52) -> 119.05706 | V77: =V66 -> 329626.5
B78: Expansion Factor = | C78: 1.0867414 | D78: 1.0867414 | E78: 1.0867414 | F78: 1.0829575 | G78: 1.0829575 | H78: 1.0867414 | Q78: on-peak | S78: =+SUMPRODUCT(D13:D16,D49:D52) -> 67.49839 | T78: =S78/S77 -> 0.5669415 | V78: =+SUMPRODUCT(C12:C15,C49:C52) -> 296022.72
Q79: off-peak | S79: =SUMPRODUCT(M13:M16,D49:D52) -> 51.558674 | V79: =V77-V78 -> 33603.784
B80: Expansion Factor (net
B81: Marginal Losses) | C81: 1.0767822 | D81: 1.0767822 | E81: 1.0767822 | F81: 1.0730329 | G81: 1.0662287 | H81: 1.0767822
A83: Table #6 | B83: Summary of Average BGS Energy Only Unit Costs @ customer - PJM Time Periods | P83: Delta between PJM and Tariff based On-Peak kWh
B84: based on Forwards prices corrected for basis differential & losses | S84: =S60 -> SC3
B85: in $/MWh
C86: =+C6 -> SC1 | D86: =+D6 -> SC3 | E86: =+E6 -> SC2 ND | F86: =+F6 -> SC4 | G86: =+G6 -> SC6 | H86: =+H6 -> SC2 Dem | Q86: Winter
Q87: On-Peak MWh | S87: =S74-S63 -> 31.737793 | V87: =V74-V63 -> 241302.17
B88: Summer - all hrs | C88: =(SUMPRODUCT(C13:C16,C49:C52,$C67:$C70)*C78+SUMPRODUCT(L13:L16,C49:C52,$D67:$D70)*C78)/SUM(C49:C52) -> 69.203082 | D88: =(SUMPRODUCT(D13:D16,D49:D52,$C67:$C70)*D78+SUMPRODUCT(M13:M16,D49:D52,$D67:$D70)*D78)/SUM(D49:D52) -> 59.286201 | E88: =(SUMPRODUCT(E13:E16,E49:E52,$C67:$C70)*E78+SUMPRODUCT(N13:N16,E49:E52,$D67:$D70)*E78)/SUM(E49:E52) -> 57.372608 | F88: =(SUMPRODUCT(F13:F16,F49:F52,$C67:$C70)*F78+SUMPRODUCT(O13:O16,F49:F52,$D67:$D70)*F78)/SUM(F49:F52) -> 58.603187 | G88: =(SUMPRODUCT(G13:G16,G49:G52,$C67:$C70)*G78+SUMPRODUCT(P13:P16,G49:G52,$D67:$D70)*G78)/SUM(G49:G52) -> 58.263294 | H88: =(SUMPRODUCT(H13:H16,H49:H52,$C67:$C70)*H78+SUMPRODUCT(Q13:Q16,H49:H52,$D67:$D70)*H78)/SUM(H49:H52) -> 60.484688 | Q88: Associated $ | S88: =S87*(D93-D94) -> 400.16106 | V88: =V87*(C93-C94) -> 2987573.5
B89: PJM on pk | C89: =(SUMPRODUCT(C13:C16,C49:C52,$C67:$C70)*C78)/SUMPRODUCT(C13:C16,C49:C52) -> 72.136337 | D89: =(SUMPRODUCT(D13:D16,D49:D52,$C67:$C70)*D78)/SUMPRODUCT(D13:D16,D49:D52) -> 71.552143 | E89: =(SUMPRODUCT(E13:E16,E49:E52,$C67:$C70)*E78)/SUMPRODUCT(E13:E16,E49:E52) -> 71.34049 | F89: =(SUMPRODUCT(F13:F16,F49:F52,$C67:$C70)*F78)/SUMPRODUCT(F13:F16,F49:F52) -> 70.602492 | G89: =(SUMPRODUCT(G13:G16,G49:G52,$C67:$C70)*G78)/SUMPRODUCT(G13:G16,G49:G52) -> 70.177001 | H89: =(SUMPRODUCT(H13:H16,H49:H52,$C67:$C70)*H78)/SUMPRODUCT(H13:H16,H49:H52) -> 71.497818 | Q89: Rate Increment/MWh | S89: =ROUND(S88/S73,2) -> 2.04 | V89: =ROUND(V88/V73,2) -> 7.14
B90: PJM off pk | C90: =(SUMPRODUCT(L13:L16,C49:C52,$D67:$D70)*C78)/SUMPRODUCT(L13:L16,C49:C52) -> 42.426886 | D90: =(SUMPRODUCT(M13:M16,D49:D52,$D67:$D70)*D78)/SUMPRODUCT(M13:M16,D49:D52) -> 43.228158 | E90: =(SUMPRODUCT(N13:N16,E49:E52,$D67:$D70)*E78)/SUMPRODUCT(N13:N16,E49:E52) -> 43.695242 | F90: =(SUMPRODUCT(O13:O16,F49:F52,$D67:$D70)*F78)/SUMPRODUCT(O13:O16,F49:F52) -> 42.624714 | G90: =(SUMPRODUCT(P13:P16,G49:G52,$D67:$D70)*G78)/SUMPRODUCT(P13:P16,G49:G52) -> 42.407352 | H90: =(SUMPRODUCT(Q13:Q16,H49:H52,$D67:$D70)*H78)/SUMPRODUCT(Q13:Q16,H49:H52) -> 43.247986
Q91: Summer
B92: Winter - all hrs | C92: =(SUMPRODUCT(C8:C12,C44:C48,$C62:$C66)*C78+SUMPRODUCT(L8:L12,C44:C48,$D62:$D66)*C78+SUMPRODUCT(C17:C19,C53:C55,$C71:$C73)*C78+SUMPRODUCT(L17:L19,C53:C55,$D71:$D73)*C78)/SUM(C44:C48,C53:C55) -> 72.802315 | D92: =(SUMPRODUCT(D8:D12,D44:D48,$C62:$C66)*D78+SUMPRODUCT(M8:M12,D44:D48,$D62:$D66)*D78+SUMPRODUCT(D17:D19,D53:D55,$C71:$C73)*D78+SUMPRODUCT(M17:M19,D53:D55,$D71:$D73)*D78)/SUM(D44:D48,D53:D55) -> 68.899159 | E92: =(SUMPRODUCT(E8:E12,E44:E48,$C62:$C66)*E78+SUMPRODUCT(N8:N12,E44:E48,$D62:$D66)*E78+SUMPRODUCT(E17:E19,E53:E55,$C71:$C73)*E78+SUMPRODUCT(N17:N19,E53:E55,$D71:$D73)*E78)/SUM(E44:E48,E53:E55) -> 70.550349 | F92: =(SUMPRODUCT(F8:F12,F44:F48,$C62:$C66)*F78+SUMPRODUCT(O8:O12,F44:F48,$D62:$D66)*F78+SUMPRODUCT(F17:F19,F53:F55,$C71:$C73)*F78+SUMPRODUCT(O17:O19,F53:F55,$D71:$D73)*F78)/SUM(F44:F48,F53:F55) -> 68.788514 | G92: =(SUMPRODUCT(G8:G12,G44:G48,$C62:$C66)*G78+SUMPRODUCT(P8:P12,G44:G48,$D62:$D66)*G78+SUMPRODUCT(G17:G19,G53:G55,$C71:$C73)*G78+SUMPRODUCT(P17:P19,G53:G55,$D71:$D73)*G78)/SUM(G44:G48,G53:G55) -> 67.754524 | H92: =(SUMPRODUCT(H8:H12,H44:H48,$C62:$C66)*H78+SUMPRODUCT(Q8:Q12,H44:H48,$D62:$D66)*H78+SUMPRODUCT(H17:H19,H53:H55,$C71:$C73)*H78+SUMPRODUCT(Q17:Q19,H53:H55,$D71:$D73)*H78)/SUM(H44:H48,H53:H55) -> 68.878464 | Q92: On-Peak MWh | S92: =S78-S67 -> 18.102137 | V92: =V78-V67 -> 194368.36
B93: PJM on pk | C93: =(SUMPRODUCT(C8:C12,C44:C48,$C62:$C66)*C78+SUMPRODUCT(C17:C19,C53:C55,$C71:$C73)*C78)/(SUMPRODUCT(C8:C12,C44:C48)+SUMPRODUCT(C17:C19,C53:C55)) -> 75.029982 | D93: =(SUMPRODUCT(D8:D12,D44:D48,$C62:$C66)*D78+SUMPRODUCT(D17:D19,D53:D55,$C71:$C73)*D78)/(SUMPRODUCT(D8:D12,D44:D48)+SUMPRODUCT(D17:D19,D53:D55)) -> 74.82175 | E93: =(SUMPRODUCT(E8:E12,E44:E48,$C62:$C66)*E78+SUMPRODUCT(E17:E19,E53:E55,$C71:$C73)*E78)/(SUMPRODUCT(E8:E12,E44:E48)+SUMPRODUCT(E17:E19,E53:E55)) -> 77.503796 | F93: =(SUMPRODUCT(F8:F12,F44:F48,$C62:$C66)*F78+SUMPRODUCT(F17:F19,F53:F55,$C71:$C73)*F78)/(SUMPRODUCT(F8:F12,F44:F48)+SUMPRODUCT(F17:F19,F53:F55)) -> 74.975404 | G93: =(SUMPRODUCT(G8:G12,G44:G48,$C62:$C66)*G78+SUMPRODUCT(G17:G19,G53:G55,$C71:$C73)*G78)/(SUMPRODUCT(G8:G12,G44:G48)+SUMPRODUCT(G17:G19,G53:G55)) -> 73.858966 | H93: =(SUMPRODUCT(H8:H12,H44:H48,$C62:$C66)*H78+SUMPRODUCT(H17:H19,H53:H55,$C71:$C73)*H78)/(SUMPRODUCT(H8:H12,H44:H48)+SUMPRODUCT(H17:H19,H53:H55)) -> 74.238669 | Q93: Associated $ | S93: =S92*(D89-D90) -> 512.72466 | V93: =V92*(C89-C90) -> 5774577.1
B94: PJM off pk | C94: =(SUMPRODUCT(L8:L12,C44:C48,$D62:$D66)*C78+SUMPRODUCT(L17:L19,C53:C55,$D71:$D73)*C78)/(SUMPRODUCT(L8:L12,C44:C48)+SUMPRODUCT(L17:L19,C53:C55)) -> 62.648935 | D94: =(SUMPRODUCT(M8:M12,D44:D48,$D62:$D66)*D78+SUMPRODUCT(M17:M19,D53:D55,$D71:$D73)*D78)/(SUMPRODUCT(M8:M12,D44:D48)+SUMPRODUCT(M17:M19,D53:D55)) -> 62.213404 | E94: =(SUMPRODUCT(N8:N12,E44:E48,$D62:$D66)*E78+SUMPRODUCT(N17:N19,E53:E55,$D71:$D73)*E78)/(SUMPRODUCT(N8:N12,E44:E48)+SUMPRODUCT(N17:N19,E53:E55)) -> 64.517866 | F94: =(SUMPRODUCT(O8:O12,F44:F48,$D62:$D66)*F78+SUMPRODUCT(O17:O19,F53:F55,$D71:$D73)*F78)/(SUMPRODUCT(O8:O12,F44:F48)+SUMPRODUCT(O17:O19,F53:F55)) -> 62.453674 | G94: =(SUMPRODUCT(P8:P12,G44:G48,$D62:$D66)*G78+SUMPRODUCT(P17:P19,G53:G55,$D71:$D73)*G78)/(SUMPRODUCT(P8:P12,G44:G48)+SUMPRODUCT(P17:P19,G53:G55)) -> 61.492647 | H94: =(SUMPRODUCT(Q8:Q12,H44:H48,$D62:$D66)*H78+SUMPRODUCT(Q17:Q19,H53:H55,$D71:$D73)*H78)/(SUMPRODUCT(Q8:Q12,H44:H48)+SUMPRODUCT(Q17:Q19,H53:H55)) -> 61.643212 | Q94: Rate Increment/MWh | S94: =ROUND(S93/S77,2) -> 4.31 | V94: =ROUND(V93/V77,2) -> 17.52
B96: Annual | C96: =(C88*SUM(C49:C52)+C92*SUM(C44:C48,C53:C55))/C56 -> 71.216027 | D96: =(D88*SUM(D49:D52)+D92*SUM(D44:D48,D53:D55))/D56 -> 65.268157 | E96: =(E88*SUM(E49:E52)+E92*SUM(E44:E48,E53:E55))/E56 -> 66.725261 | F96: =(F88*SUM(F49:F52)+F92*SUM(F44:F48,F53:F55))/F56 -> 65.936421 | G96: =(G88*SUM(G49:G52)+G92*SUM(G44:G48,G53:G55))/G56 -> 64.935635 | H96: =(H88*SUM(H49:H52)+H92*SUM(H44:H48,H53:H55))/H56 -> 65.751645
B98: System Total | C98: =SUMPRODUCT(C96:H96,C56:H56)/SUM(C56:H56) -> 69.379813
A101: Table #7 | B101: Summary of Average BGS Energy Only Costs @ customer - PJM Time Periods
B102: based on Forwards prices corrected for basis differential & losses
B103: in $1000
C104: =+C6 -> SC1 | D104: =+D6 -> SC3 | E104: =+E6 -> SC2 ND | F104: =+F6 -> SC4 | G104: =+G6 -> SC6 | H104: =+H6 -> SC2 Dem
B106: Summer - all hrs | C106: =SUM(C49:C52)*C88/1000 -> 22811.17 | D106: =SUM(D49:D52)*D88/1000 -> 7.058441 | E106: =SUM(E49:E52)*E88/1000 -> 200.05828 | F106: =SUM(F49:F52)*F88/1000 -> 99.420307 | G106: =SUM(G49:G52)*G88/1000 -> 84.773093 | H106: =SUM(H49:H52)*H88/1000 -> 8057.7354
B107: PJM on pk | C107: =SUMPRODUCT(C49:C52,C13:C16)*C89/1000 -> 21430.409 | D107: =SUMPRODUCT(D49:D52,D13:D16)*D89/1000 -> 4.8296545 | E107: =SUMPRODUCT(E49:E52,E13:E16)*E89/1000 -> 123.07504 | F107: =SUMPRODUCT(F49:F52,F13:F16)*F89/1000 -> 68.406277 | G107: =SUMPRODUCT(G49:G52,G13:G16)*G89/1000 -> 58.301464 | H107: =SUMPRODUCT(H49:H52,H13:H16)*H89/1000 -> 5811.6392
B108: PJM off pk | C108: =SUMPRODUCT(C49:C52,L13:L16)*C90/1000 -> 1380.7608 | D108: =SUMPRODUCT(D49:D52,M13:M16)*D90/1000 -> 2.2287865 | E108: =SUMPRODUCT(E49:E52,N13:N16)*E90/1000 -> 76.983239 | F108: =SUMPRODUCT(F49:F52,O13:O16)*F90/1000 -> 31.01403 | G108: =SUMPRODUCT(G49:G52,P13:P16)*G90/1000 -> 26.471629 | H108: =SUMPRODUCT(H49:H52,Q13:Q16)*H90/1000 -> 2246.0963
B110: Winter - all hrs | C110: =SUM(C44:C48,C53:C55)*C92/1000 -> 30452.116 | D110: =SUM(D44:D48,D53:D55)*D92/1000 -> 13.514061 | E110: =SUM(E44:E48,E53:E55)*E92/1000 -> 601.51228 | F110: =SUM(F44:F48,F53:F55)*F92/1000 -> 300.0555 | G110: =SUM(G44:G48,G53:G55)*G92/1000 -> 233.34658 | H110: =SUM(H44:H48,H53:H55)*H92/1000 -> 15456.391
B111: PJM on pk | C111: =(SUMPRODUCT(C44:C48,C8:C12)+SUMPRODUCT(C53:C55,C17:C19))*C93/1000 -> 25737.146 | D111: =(SUMPRODUCT(D44:D48,D8:D12)+SUMPRODUCT(D53:D55,D17:D19))*D93/1000 -> 7.7820167 | E111: =(SUMPRODUCT(E44:E48,E8:E12)+SUMPRODUCT(E53:E55,E17:E19))*E93/1000 -> 306.96678 | F111: =(SUMPRODUCT(F44:F48,F8:F12)+SUMPRODUCT(F53:F55,F17:F19))*F93/1000 -> 165.45343 | G111: =(SUMPRODUCT(G44:G48,G8:G12)+SUMPRODUCT(G53:G55,G17:G19))*G93/1000 -> 128.80433 | H111: =(SUMPRODUCT(H44:H48,H8:H12)+SUMPRODUCT(H53:H55,H17:H19))*H93/1000 -> 9569.6167
B112: PJM off pk | C112: =+(SUMPRODUCT(C44:C48,L8:L12)+SUMPRODUCT(C53:C55,L17:L19))*C94/1000 -> 4714.9706 | D112: =+(SUMPRODUCT(D44:D48,M8:M12)+SUMPRODUCT(D53:D55,M17:M19))*D94/1000 -> 5.7320441 | E112: =+(SUMPRODUCT(E44:E48,N8:N12)+SUMPRODUCT(E53:E55,N17:N19))*E94/1000 -> 294.5455 | F112: =+(SUMPRODUCT(F44:F48,O8:O12)+SUMPRODUCT(F53:F55,O17:O19))*F94/1000 -> 134.60207 | G112: =+(SUMPRODUCT(G44:G48,P8:P12)+SUMPRODUCT(G53:G55,P17:P19))*G94/1000 -> 104.54225 | H112: =+(SUMPRODUCT(H44:H48,Q8:Q12)+SUMPRODUCT(H53:H55,Q17:Q19))*H94/1000 -> 5886.7746
B114: Annual | C114: =+C106+C110 -> 53263.286 | D114: =+D106+D110 -> 20.572502 | E114: =+E106+E110 -> 801.57056 | F114: =+F106+F110 -> 399.47581 | G114: =+G106+G110 -> 318.11967 | H114: =+H106+H110 -> 23514.127
B116: System Total | C116: =SUM(C114:H114) -> 78317.151
A119: Table #8 | B119: Summary of Average BGS Energy Only Unit Costs @ customer - RECO Time Periods
B120: based on Forwards prices corrected for basis differential & losses - RECO billing time periods in $/MWh
...

Sheet Weighted Avg Price Calc
A1: ROCKLAND ELECTRIC COMPANY
A2: ='BGS Cost & Bid Factors'!M1&" BGS Auction" -> 2027 BGS Auction
A4: Table A | B4: Weighted Average Price Calculation
D6: 2025 | E6: 2026 | F6: 2027
D7: Auction | E7: Auction | F7: Auction
B8: Line # | C8: Specific BGS-FP Auction >> | D8: 36 Month | E8: 36 Month | F8: 36 Month | G8: Total | I8: Notes:
B9: 1 | C9: Tranches | D9: 1 | E9: 2 | F9: 1 | G9: =SUM(D9:F9) -> 4 | I9: From then-current auction
B10: 2(a) | C10: Winning Bid Price (¢/kWh)* | D10: 11.615 | E10: 12.057 | F10: =E14 -> 12.057 | I10: Winning Auction Prices
B11: 2(b) | C11: Capacity Proxy Price True-up - in (¢/kWh)* | D11: ='Attachment D-4 (EY27-28)'!C24/10 -> 0.786 | I11: Entered After 2027 BGS Auction
B12: 2(C) | C12: Winning Bid Price (¢/kWh)* | D12: =D11+D10 -> 12.401 | E12: =E11+E10 -> 12.057 | F12: =F11+F10 -> 12.057 | I12: = 2(a) + 2(b)
B13: 3 | C13: Transmission (¢/kWh) | D13: 0 | E13: 0 | F13: 0 | I13: Average transmission cost included in bid for existing tranches only
B14: 3 | C14: BGS (¢/kWh) | D14: =D10+D11 -> 12.401 | E14: =E10+E11 -> 12.057 | F14: =F10+F11 -> 12.057 | I14: = 2(a) + 2(b)
B15: 4 | C15: Weighted Avg BGS | D15: =D9/$G$9*D14 -> 3.10025 | E15: =E9/$G$9*E14 -> 6.0285 | F15: =F9/$G$9*F14 -> 3.01425 | G15: =SUM(D15:F15) -> 12.143 | I15: = (1) / Total Tranches * (3)
B16: 5 | C16: Weighted Avg Trans | D16: =D9/$G$9*D13 -> 0 | E16: =E9/$G$9*E13 -> 0 | F16: =F9/$G$9*F13 -> 0 | G16: =SUM(D16:F16) -> 0 | I16: = (1) / Total Tranches * (3)
B17: 5 | C17: Weighted Avg Total Price (¢/kWh) | G17: =G15+G16 -> 12.143
C19: Seasonal Payment Factors
B20: 6 | C20: Summer | D20: 1 | E20: 1 | F20: =IF('BGS Cost & Bid Factors'!J377<1,1,'BGS Cost & Bid Factors'!J377) -> 1 | G20: ** | I20: From then-current Bid Factor Spreadsheet
B21: 7 | C21: Winter | D21: 1 | E21: 1 | F21: =IF('BGS Cost & Bid Factors'!J378>1,1,'BGS Cost & Bid Factors'!J378) -> 1 | G21: ** | I21: From then-current Bid Factor Spreadsheet
C23: Applicable Customer Usage @ transmission nodes | F23: (Eastern Division)
B24: 8 | C24: Summer MWh | D24: ='Rate Calculations'!$D$251 -> 443736.87 | I24: From then-current Bid Factor Spreadsheet
B25: 9 | C25: Winter MWh | D25: ='Rate Calculations'!$D$252 -> 622884.08 | I25: From then-current Bid Factor Spreadsheet
B26: 10 | D26: =SUM(D24:D25) -> 1066621
C28: Total Cost
B29: 11 | C29: Summer | D29: =ROUND(D$9/$G$9*(D$14)/100*D$20*$D$24*1000,0) -> 13756952 | E29: =ROUND(E$9/$G$9*(E$14)/100*E$20*$D$24*1000,0) -> 26750677 | F29: =ROUND(F$9/$G$9*(F$14)/100*F$20*$D$24*1000,0) -> 13375339 | G29: =SUM(D29:F29) -> 53882968 | I29: = (1) / Total Tranches * (3) / 100 * (6) * (8) * 1,000
B30: 12 | C30: Winter | D30: =ROUND(D$9/$G$9*(D$14)/100*D$21*$D$25*1000,0) -> 19310964 | E30: =ROUND(E$9/$G$9*(E$14)/100*E$21*$D$25*1000,0) -> 37550567 | F30: =ROUND(F$9/$G$9*(F$14)/100*F$21*$D$25*1000,0) -> 18775283 | G30: =SUM(D30:F30) -> 75636814 | I30: = (1) / Total Tranches * (3) / 100* (7) * (9) * 1,000
B31: 13 | C31: Total | D31: =SUM(D29:D30) -> 33067916 | E31: =SUM(E29:E30) -> 64301244 | F31: =SUM(F29:F30) -> 32150622 | G31: =SUM(G29:G30) -> 129519782 | I31: = (11) + (12)
C33: Average Cost (NJ Statewide Auction)
B34: 14 | C34: Summer | D34: =ROUND(G29/D24/1000*100,3) -> 12.143 | E34: ¢/kWh | I34: = sum(line 11) / (8) / 1000 * 100 rounded to 3 decimal places
B35: 15 | C35: Winter | D35: =ROUND(G30/D25/1000*100,3) -> 12.143 | E35: ¢/kWh | I35: = sum(line 12) / (9) / 1000 * 100 rounded to 3 decimal places
B36: 16 | C36: Total | D36: =ROUND(G31/D26/1000*100,3) -> 12.143 | E36: ¢/kWh | I36: = sum(line 13) / (10) / 1000 * 100 rounded to 3 decimal places
C38: Average Cost (Including RECO RFP)
D39: BGS | E39: RECO
D40: Auction | E40: RFP | G40: Total
B41: 17 | C41: Tranches | D41: =SUM(D9:F9) -> 4 | E41: ='BGS Cost & Bid Factors'!M466 -> 0.558 | G41: =SUM(D41:E41) -> 4.558 | I41: Includes RECO RFP equivalent tranches
B42: 18 | C42: Price ¢/kWh | D42: =D36 -> 12.143 | E42: ='Rate Calculations'!$D$286*(100/1000) -> 10.106 | I42: ="BGS Auction from (16)" -> BGS Auction from (16)
B44: 19 | C44: Transmission | D44: =F13 -> 0 | E44: 0
B45: 20 | C45: BGS | D45: =D42-D44 -> 12.143 | E45: =E42-E44 -> 10.106 | I45: = (19) - (20)
B46: 19 | C46: Weighted Avg BGS | D46: =D41/$G$41*D42 -> 10.656428 | E46: =E41/$G$41*E42 -> 1.2371979 | G46: =SUM(D46:E46) -> 11.893626 | I46: = (17) / Total Tranches * (18)
B47: 22 | C47: Weighted Avg Trans | D47: =D41/$G$41*D44 -> 0 | E47: =E41/$G$41*E44 -> 0 | G47: =SUM(D47:E47) -> 0 | I47: = (17) / Total Tranches * (19)
B48: 20 | C48: Weighted Avg Total Price | G48: =ROUND(G46,3) -> 11.894 | I48: = (19)
C50: * Includes Impact of PJM Marginal Losses
C51: ** Auction results set to 1.0 to avoid using an atypical result from the current 12-month forward prices.

Sheet Rate Calculations
A1: ROCKLAND ELECTRIC COMPANY
A2: ='BGS Cost & Bid Factors'!M1 &" BGS Auction" -> 2027 BGS Auction
A6: Table B | B6: Ratio of BGS Unit Costs Less Transmission @ customer to All-In Average Cost @ transmission nodes
B7: (from Table 15 of Bid Factor Spreadsheet)
B9: NON-DEMAND RATES
B10: includes energy, G&T obligations, and Ancillary Services - adjusted to billing time periods
C12: ='BGS Cost & Bid Factors'!C$6 -> SC1 | D12: ='BGS Cost & Bid Factors'!D$6 -> SC3 | E12: ='BGS Cost & Bid Factors'!E$6 -> SC2 ND | F12: ='BGS Cost & Bid Factors'!F$6 -> SC4 | G12: ='BGS Cost & Bid Factors'!G$6 -> SC6 | H12: ='BGS Cost & Bid Factors'!I$24 -> SC1 TOD
B14: Summer - all hrs | C14: ='BGS Cost & Bid Factors'!C327 -> 1.043 | E14: ='BGS Cost & Bid Factors'!E327 -> 0.869 | F14: ='BGS Cost & Bid Factors'!F327 -> 0.664 | G14: ='BGS Cost & Bid Factors'!G327 -> 0.662
B15: RECO On pk | D15: ='BGS Cost & Bid Factors'!D328 -> 1.261 | H15: ='BGS Cost & Bid Factors'!H328 -> 1.862
B16: RECO Off pk | D16: ='BGS Cost & Bid Factors'!D329 -> 0.569 | H16: ='BGS Cost & Bid Factors'!H329 -> 0.676
B19: Constant Blk 1 | C19: ='BGS Cost & Bid Factors'!C332 -> -54.020821
B20: Constant Blk 2 | C20: ='BGS Cost & Bid Factors'!C333 -> 40.769179
B23: Winter - all hrs | C23: ='BGS Cost & Bid Factors'!C336 -> 1.223 | E23: ='BGS Cost & Bid Factors'!E336 -> 0.938 | F23: ='BGS Cost & Bid Factors'!F336 -> 0.752 | G23: ='BGS Cost & Bid Factors'!G336 -> 0.743
B24: RECO On pk | D24: ='BGS Cost & Bid Factors'!D337 -> 1.412 | H24: ='BGS Cost & Bid Factors'!H337 -> 2.661
B25: RECO Off pk | D25: ='BGS Cost & Bid Factors'!D338 -> 0.713 | H25: ='BGS Cost & Bid Factors'!H338 -> 0.761
B27: Annual - all hrs | C27: ='BGS Cost & Bid Factors'!C340 -> 1.144 | D27: ='BGS Cost & Bid Factors'!D340 -> 0.927 | E27: ='BGS Cost & Bid Factors'!E340 -> 0.9177763 | F27: ='BGS Cost & Bid Factors'!F340 -> 0.728 | G27: ='BGS Cost & Bid Factors'!G340 -> 0.719 | H27: ='BGS Cost & Bid Factors'!H340 -> 1.144
B30: DEMAND RATES
B31: includes energy and Ancillary Services, G&T obligations charged separately - adjusted to billing time periods
C33: ='BGS Cost & Bid Factors'!H6 -> SC2 Dem | D33: =+C33 -> SC2 Dem | G33: PLUS:
C34: Multiplier | D34: Constant
B35: Summer - all hrs | C35: ='BGS Cost & Bid Factors'!C348 -> 0.889 | D35: ='BGS Cost & Bid Factors'!D348 -> -24.103919 | G35: Gen Cost (per kW of Billed Demand/Month)
H37: SC2 Dem
B39: Winter - all hrs | C39: ='BGS Cost & Bid Factors'!C352 -> 0.991 | D39: ='BGS Cost & Bid Factors'!D352 -> -27.611027 | G39: summer | H39: ='BGS Cost & Bid Factors'!I352 -> 7.05
G40: winter | H40: ='BGS Cost & Bid Factors'!I353 -> 8.16
B43: Annual - including T&G Obl $ | C43: ='BGS Cost & Bid Factors'!C356 -> 0.953
A46: Table C | B46: Determination of Preliminary Retail Rates to be Charged to BGS Customers
B48: All-In Average costs @ Trans node = | D48: ='Weighted Avg Price Calc'!G48*10 -> 118.94 | E48: /MWh* | F48: * Price from Table A (which does not include | K48: RECO RFP MW | L48: ='BGS Cost & Bid Factors'!M464 -> 47.5
B49: Less Transmission | D49: 0 | E49: /MWh** | F49: transmission for the Central/Western Division). | K49: Tranch MW | L49: ='BGS Cost & Bid Factors'!M465 -> 85.05
B50: BGS Cost | D50: =D48+D49 -> 118.94 | E50: /MWh | K50: RFP % | L50: =ROUND(L48/L49,3) -> 0.558
K52: RECO Avg.x'mission | L52: ='BGS Cost & Bid Factors'!D223-'BGS Cost & Bid Factors'!D318 -> 17.591168 | M52: $/MWh
B53: Retail BGS Rates (excl SUT) (¢/kWh) | K53: Cen/West x'mission cont | L53: =L55 -> 2.15 | M53: $/MWh
K54: Actual RECO x'mission | L54: =L52-L53 -> 15.441168 | M54: $/MWh
C55: ='BGS Cost & Bid Factors'!C$6 -> SC1 | D55: ='BGS Cost & Bid Factors'!D$6 -> SC3 | E55: ='BGS Cost & Bid Factors'!E$6 -> SC2 ND | F55: ='BGS Cost & Bid Factors'!F$6 -> SC4 | G55: ='BGS Cost & Bid Factors'!G$6 -> SC6 | H55: ='BGS Cost & Bid Factors'!H$6 -> SC2 Dem | I55: ='BGS Cost & Bid Factors'!I$24 -> SC1 TOD | L55: =ROUND(L50/(4+L50)*L52,2) -> 2.15
B56: Summer
B57: All kWh (¢/kWh) | C57: =ROUND(($D$50*C14)/10,3) -> 12.405 | E57: =ROUND(E14*$D$50/10,3) -> 10.336 | F57: =ROUND(F14*$D$50/10,3) -> 7.898 | G57: =ROUND(G14*$D$50/10,3) -> 7.874 | H57: =ROUND((C35*$D$50+D35)/10,3) -> 8.163
B58: Peak kWh (¢/kWh) | D58: =ROUND(D15*$D$50/10,3) -> 14.998 | I58: =ROUND(H15*$D$50/10,3) -> 22.147
B59: Off-Peak kWh (¢/kWh) | D59: =ROUND(D16*$D$50/10,3) -> 6.768 | I59: =ROUND(H16*$D$50/10,3) -> 8.04
B60: Block1 | C60: =ROUND(($D$50*C14+C19)/10,3) -> 7.003
B61: Block2 | C61: =ROUND(($D$50*C14+C20)/10,3) -> 16.482
B64: Demand Charge ($/kW) All kW | H64: ='BGS Cost & Bid Factors'!H213 -> 7.05
B67: Winter
B68: All kWh (¢/kWh) | C68: =ROUND(C23*$D$50/10,3) -> 14.546 | E68: =ROUND(E23*$D$50/10,3) -> 11.157 | F68: =ROUND(F23*$D$50/10,3) -> 8.944 | G68: =ROUND(G23*$D$50/10,3) -> 8.837 | H68: =ROUND((C39*$D$50+D39)/10,3) -> 9.026
B69: Peak kWh (¢/kWh) | D69: =ROUND(D24*$D$50/10,3) -> 16.794 | I69: =ROUND(H24*$D$50/10,3) -> 31.65
B70: Off-Peak kWh (¢/kWh) | D70: =ROUND(D25*$D$50/10,3) -> 8.48 | I70: =ROUND(H25*$D$50/10,3) -> 9.051
B72: Demand Charge ($/kW) All kW | H72: ='BGS Cost & Bid Factors'!H214 -> 8.16
A76: Table D | B76: Calculation of Rate Adjustment Factors
C78: ='BGS Cost & Bid Factors'!C$6 -> SC1 | D78: ='BGS Cost & Bid Factors'!D$6 -> SC3 | E78: ='BGS Cost & Bid Factors'!E$6 -> SC2 ND | F78: ='BGS Cost & Bid Factors'!F$6 -> SC4 | G78: ='BGS Cost & Bid Factors'!G$6 -> SC6 | H78: ='BGS Cost & Bid Factors'!H$6 -> SC2 Dem | I78: ='BGS Cost & Bid Factors'!I$24 -> SC1 TOD
B79: Total BGS Revenue (Excl SUT) - in $1000
B80: Summer | C80: =ROUND((C57*'BGS Cost & Bid Factors'!L$48)/100,0) -> 40890 | D80: =ROUND((D58*'BGS Cost & Bid Factors'!M$49+D59*'BGS Cost & Bid Factors'!M$50)/100,0) -> 12 | E80: =ROUND((E57*'BGS Cost & Bid Factors'!N$48)/100,0) -> 360 | F80: =ROUND((F57*'BGS Cost & Bid Factors'!O$48)/100,0) -> 134 | G80: =ROUND((G57*'BGS Cost & Bid Factors'!P$48)/100,0) -> 115 | H80: =ROUND(H57*'BGS Cost & Bid Factors'!Q$48/100+(H64*(('Backup Calcs'!G95)/4*'BGS Cost & Bid Factors'!H$144))/1000,0) -> 14086 | I80: =ROUND((I58*'BGS Cost & Bid Factors'!R$49+I59*'BGS Cost & Bid Factors'!R$50)/100,0) -> 40842
B81: Winter | C81: =ROUND(C68*'BGS Cost & Bid Factors'!L$44/100,0) -> 60844 | D81: =ROUND((D69*'BGS Cost & Bid Factors'!M$45+D70*'BGS Cost & Bid Factors'!M$46)/100,0) -> 23 | E81: =ROUND(E68*'BGS Cost & Bid Factors'!N$44/100,0) -> 951 | F81: =ROUND(F68*'BGS Cost & Bid Factors'!O$44/100,0) -> 390 | G81: =ROUND(G68*'BGS Cost & Bid Factors'!P$44/100,0) -> 304 | H81: =ROUND(H68*'BGS Cost & Bid Factors'!Q$44/100+(H72*(('Backup Calcs'!G96)/8*'BGS Cost & Bid Factors'!H$145))/1000,0) -> 26450 | I81: =ROUND((I69*'BGS Cost & Bid Factors'!R$45+I70*'BGS Cost & Bid Factors'!R$46)/100,0) -> 60847
B82: Total | C82: =+C81+C80 -> 101734 | D82: =+D81+D80 -> 35 | E82: =+E81+E80 -> 1311 | F82: =+F81+F80 -> 524 | G82: =+G81+G80 -> 419 | H82: =+H81+H80 -> 40536 | I82: =+I81+I80 -> 101689
B84: Total
B85: Summer | C85: =SUM(C80:H80) -> 55597
B86: Winter | C86: =SUM(C81:H81) -> 88962
B87: Total | C87: =+C86+C85 -> 144559
B90: Total Supplier Payments - in $1000
B92: Eastern Division | C92: Total | D92: Transmission | E92: Net BGS
B93: Summer | C93: ='Weighted Avg Price Calc'!G$29/1000 -> 53882.968 | E93: =C93-D93 -> 53882.968 | G93: =ROUND('BGS Cost & Bid Factors'!$C$147*SUM('BGS Cost & Bid Factors'!$C$141:$H$141)/12*'BGS Cost & Bid Factors'!H$144/1000*'BGS Cost & Bid Factors'!D447,0) -> 6255
B94: Winter | C94: ='Weighted Avg Price Calc'!G$30/1000 -> 75636.814 | E94: =C94-D94 -> 75636.814 | G94: =ROUND('BGS Cost & Bid Factors'!$C$147*SUM('BGS Cost & Bid Factors'!$C$141:$H$141)/12*'BGS Cost & Bid Factors'!H$145/1000*'BGS Cost & Bid Factors'!F459,0) -> 12509
B95: Total | C95: =+C94+C93 -> 129519.78 | D95: =D93+D94 -> 0 | E95: =E93+E94 -> 129519.78
B97: Central/Western Division | C97: Total | D97: Transmission | E97: Net BGS
B98: Summer | C98: =ROUND($E$251*1000*'Weighted Avg Price Calc'!E42/100/1000,0) -> 6256 | D98: 0 | E98: =C98-D98 -> 6256
B99: Winter | C99: =ROUND($E$252*1000*'Weighted Avg Price Calc'!E42/100/1000,0) -> 8781 | D99: 0 | E99: =C99-D99 -> 8781
B100: Total | C100: =+C99+C98 -> 15037 | D100: =D98+D99 -> 0 | E100: =E98+E99 -> 15037
B102: Total RECO FP | C102: Total | D102: Transmission | E102: Net BGS
B103: Summer | C103: =C93+C98 -> 60138.968 | D103: =D93+D98 -> 0 | E103: =C103-D103 -> 60138.968
B104: Winter | C104: =C94+C99 -> 84417.814 | D104: =D94+D99 -> 0 | E104: =C104-D104 -> 84417.814
B105: Total | C105: =+C104+C103 -> 144556.78 | D105: =+D104+D103 -> 0 | E105: =E103+E104 -> 144556.78
G106: Rate
B107: Differences | C107: BGS | D107: BGS | G107: Adjustment
C108: Revenue | D108: Costs | E108: Difference | G108: Factors
B109: Summer | C109: =C85 -> 55597 | D109: =E103 -> 60138.968 | E109: =D109-C109 -> 4541.968 | G109: =ROUND(1+E109/C85,5) -> 1.08169
B110: Winter | C110: =C86 -> 88962 | D110: =E104 -> 84417.814 | E110: =D110-C110 -> -4544.186 | G110: =ROUND(1+E110/C86,5) -> 0.94892
B111: Total | C111: =+C110+C109 -> 144559 | D111: =+D110+D109 -> 144556.78 | E111: =+E110+E109 -> -2.218
A113: Table E | B113: Final Retail BGS Rates (¢/kWh)
B116: Rates Excluding SUT:
C118: ='BGS Cost & Bid Factors'!C$6 -> SC1 | D118: ='BGS Cost & Bid Factors'!D$6 -> SC3 | E118: ='BGS Cost & Bid Factors'!E$6 -> SC2 ND | F118: ='BGS Cost & Bid Factors'!F$6 -> SC4 | G118: ='BGS Cost & Bid Factors'!G$6 -> SC6 | H118: ='BGS Cost & Bid Factors'!H$6 -> SC2 Dem | I118: ='BGS Cost & Bid Factors'!I$24 -> SC1 TOD
B120: Summer
B121: All kWh (¢/kWh) | C121: =ROUND(C57*$G$109,3) -> 13.418 | E121: =ROUND(E57*$G$109,3) -> 11.18 | F121: =ROUND(F57*$G$109,3) -> 8.543 | G121: =ROUND(G57*$G$109,3) -> 8.517 | H121: =ROUND(H57*$G$109,3) -> 8.83
B122: Peak kWh (¢/kWh) | D122: =ROUND(D58*$G$109,3) -> 16.223 | I122: =ROUND(I58*$G$109,3) -> 23.956
B123: Off-Peak kWh (¢/kWh) | D123: =ROUND(D59*$G$109,3) -> 7.321 | I123: =ROUND(I59*$G$109,3) -> 8.697
B124: Block1 | C124: =ROUND(C60*$G$109,3) -> 7.575
B125: Block2 | C125: =ROUND(C61*$G$109,3) -> 17.828
B128: Demand Charge ($/kW) All kW | H128: =ROUND(H64*$G$109,2) -> 7.63
B131: Winter
B132: All kWh (¢/kWh) | C132: =ROUND(C68*$G$110,3) -> 13.803 | E132: =ROUND(E68*$G$110,3) -> 10.587 | F132: =ROUND(F68*$G$110,3) -> 8.487 | G132: =ROUND(G68*$G$110,3) -> 8.386 | H132: =ROUND(H68*$G$110,3) -> 8.565
B133: Peak kWh (¢/kWh) | D133: =ROUND(D69*$G$110,3) -> 15.936 | I133: =ROUND(I69*$G$110,3) -> 30.033
B134: Off-Peak kWh (¢/kWh) | D134: =ROUND(D70*$G$110,3) -> 8.047 | I134: =ROUND(I70*$G$110,3) -> 8.589
B136: Demand Charge ($/kW) All kW | H136: =ROUND(H72*$G$110,2) -> 7.74
B139: Rates Including SUT: | D139: SUT @ | E139: 0.06625
C141: SC1 | D141: SC3 | E141: SC2 ND | F141: SC4 | G141: SC6 | H141: SC2 Dem | I141: ='BGS Cost & Bid Factors'!I$24 -> SC1 TOD
B142: Summer
B143: All kWh (¢/kWh) | E143: =ROUND(E121*(1+$E$139),3) -> 11.921 | F143: =ROUND(F121*(1+$E$139),3) -> 9.109 | G143: =ROUND(G121*(1+$E$139),3) -> 9.081 | H143: =ROUND(H121*(1+$E$139),3) -> 9.415
B144: Peak kWh (¢/kWh) | D144: =ROUND(D122*(1+$E$139),3) -> 17.298 | I144: =ROUND(I122*(1+$E$139),3) -> 25.543
B145: Off-Peak kWh (¢/kWh) | D145: =ROUND(D123*(1+$E$139),3) -> 7.806 | I145: =ROUND(I123*(1+$E$139),3) -> 9.273
B146: Block1 | C146: =ROUND(C124*(1+$E$139),3) -> 8.077
B147: Block2 | C147: =ROUND(C125*(1+$E$139),3) -> 19.009
B150: Demand Charge ($/kW) All kW | H150: =ROUND(H128*(1+$E$139),2) -> 8.14
B153: Winter
B154: All kWh (¢/kWh) | C154: =ROUND(C132*(1+$E$139),3) -> 14.717 | E154: =ROUND(E132*(1+$E$139),3) -> 11.288 | F154: =ROUND(F132*(1+$E$139),3) -> 9.049 | G154: =ROUND(G132*(1+$E$139),3) -> 8.942 | H154: =ROUND(H132*(1+$E$139),3) -> 9.132
...

Sheet Usage By Season
A1: Usage by Season
A2: ="Table 3 - Billed Sales Forecast " &'BGS Cost & Bid Factors'!M1 -> Table 3 - Billed Sales Forecast 2027
A4: Total RECO FP
B6: SC1 | C6: SC3 | D6: SC2 ND | E6: SC4 | F6: SC6 | G6: SC2 Dem | H6: Total
A7: Winter | B7: ='BGS Cost & Bid Factors'!L44 -> 418285 | C7: ='BGS Cost & Bid Factors'!M44 -> 196.14261 | D7: ='BGS Cost & Bid Factors'!N44 -> 8526 | E7: ='BGS Cost & Bid Factors'!O44 -> 4362 | F7: ='BGS Cost & Bid Factors'!P44 -> 3444 | G7: ='BGS Cost & Bid Factors'!Q44 -> 224400.93 | H7: =SUM(B7:G7) -> 659214.07
A8: Expan Ftr | B8: ='BGS Cost & Bid Factors'!C$81 -> 1.0767822 | C8: ='BGS Cost & Bid Factors'!D$81 -> 1.0767822 | D8: ='BGS Cost & Bid Factors'!E$81 -> 1.0767822 | E8: ='BGS Cost & Bid Factors'!F$81 -> 1.0730329 | F8: ='BGS Cost & Bid Factors'!G$81 -> 1.0662287 | G8: ='BGS Cost & Bid Factors'!H$81 -> 1.0767822
A9: Incl Losses | B9: =B7*B8 -> 450401.83 | C9: =C7*C8 -> 211.20286 | D9: =D7*D8 -> 9180.6447 | E9: =E7*E8 -> 4680.5696 | F9: =F7*F8 -> 3672.0917 | G9: =G7*G8 -> 241630.92 | H9: =SUM(B9:G9) -> 709777.26
A13: Summer | B13: ='BGS Cost & Bid Factors'!L48 -> 329626.5 | C13: ='BGS Cost & Bid Factors'!M48 -> 119.05706 | D13: ='BGS Cost & Bid Factors'!N48 -> 3487 | E13: ='BGS Cost & Bid Factors'!O48 -> 1696.5 | F13: ='BGS Cost & Bid Factors'!P48 -> 1455 | G13: ='BGS Cost & Bid Factors'!Q48 -> 133219.43 | H13: =SUM(B13:G13) -> 469603.48
A14: Expan Ftr | B14: ='BGS Cost & Bid Factors'!C$81 -> 1.0767822 | C14: ='BGS Cost & Bid Factors'!D$81 -> 1.0767822 | D14: ='BGS Cost & Bid Factors'!E$81 -> 1.0767822 | E14: ='BGS Cost & Bid Factors'!F$81 -> 1.0730329 | F14: ='BGS Cost & Bid Factors'!G$81 -> 1.0662287 | G14: ='BGS Cost & Bid Factors'!H$81 -> 1.0767822
A15: Incl Losses | B15: =B13*B14 -> 354935.94 | C15: =C13*C14 -> 128.19852 | D15: =D13*D14 -> 3754.7394 | E15: =E13*E14 -> 1820.4003 | F15: =F13*F14 -> 1551.3628 | G15: =G13*G14 -> 143448.3 | H15: =SUM(B15:G15) -> 505638.94
A17: RECO Eastern Division | C17: ='BGS Cost & Bid Factors'!D447 -> 0.87757789
B19: SC1 | C19: SC3 | D19: SC2 ND | E19: SC4 | F19: SC6 | G19: SC2 Dem | H19: Total
A20: Winter | B20: =ROUND(B$7*$C17,0) -> 367078 | C20: =ROUND(C$7*$C17,0) -> 172 | D20: =ROUND(D$7*$C17,0) -> 7482 | E20: =ROUND(E$7*$C17,0) -> 3828 | F20: =ROUND(F$7*$C17,0) -> 3022 | G20: =ROUND(G$7*$C17,0) -> 196929 | H20: =SUM(B20:G20) -> 578511
A21: Expan Ftr | B21: ='BGS Cost & Bid Factors'!C$81 -> 1.0767822 | C21: ='BGS Cost & Bid Factors'!D$81 -> 1.0767822 | D21: ='BGS Cost & Bid Factors'!E$81 -> 1.0767822 | E21: ='BGS Cost & Bid Factors'!F$81 -> 1.0730329 | F21: ='BGS Cost & Bid Factors'!G$81 -> 1.0662287 | G21: ='BGS Cost & Bid Factors'!H$81 -> 1.0767822
A22: Incl Losses | B22: =B20*B21 -> 395263.04 | C22: =C20*C21 -> 185.20653 | D22: =D20*D21 -> 8056.4842 | E22: =E20*E21 -> 4107.57 | F22: =F20*F21 -> 3222.1432 | G22: =G20*G21 -> 212049.64 | H22: =SUM(B22:G22) -> 622884.08
A26: Summer | B26: =ROUND(B$13*$C17,0) -> 289273 | C26: =ROUND(C$13*$C17,0) -> 104 | D26: =ROUND(D$13*$C17,0) -> 3060 | E26: =ROUND(E$13*$C17,0) -> 1489 | F26: =ROUND(F$13*$C17,0) -> 1277 | G26: =ROUND(G$13*$C17,0) -> 116910 | H26: =SUM(B26:G26) -> 412113
A27: Expan Ftr | B27: ='BGS Cost & Bid Factors'!C$81 -> 1.0767822 | C27: ='BGS Cost & Bid Factors'!D$81 -> 1.0767822 | D27: ='BGS Cost & Bid Factors'!E$81 -> 1.0767822 | E27: ='BGS Cost & Bid Factors'!F$81 -> 1.0730329 | F27: ='BGS Cost & Bid Factors'!G$81 -> 1.0662287 | G27: ='BGS Cost & Bid Factors'!H$81 -> 1.0767822
A28: Incl Losses | B28: =B26*B27 -> 311484.01 | C28: =C26*C27 -> 111.98535 | D28: =D26*D27 -> 3294.9534 | E28: =E26*E27 -> 1597.746 | F28: =F26*F27 -> 1361.5741 | G28: =G26*G27 -> 125886.6 | H28: =SUM(B28:G28) -> 443736.87
A30: RECO Central/Western Divisions | C30: ='BGS Cost & Bid Factors'!E447 -> 0.12242211
B32: SC1 | C32: SC3 | D32: SC2 ND | E32: SC4 | F32: SC6 | G32: SC2 Dem | H32: Total
A33: Winter | B33: =ROUND(B$7*$C30,0) -> 51207 | C33: =ROUND(C$7*$C30,0) -> 24 | D33: =ROUND(D$7*$C30,0) -> 1044 | E33: =ROUND(E$7*$C30,0) -> 534 | F33: =ROUND(F$7*$C30,0) -> 422 | G33: =ROUND(G$7*$C30,0) -> 27472 | H33: =SUM(B33:G33) -> 80703
A34: Expan Ftr | B34: ='BGS Cost & Bid Factors'!C$81 -> 1.0767822 | C34: ='BGS Cost & Bid Factors'!D$81 -> 1.0767822 | D34: ='BGS Cost & Bid Factors'!E$81 -> 1.0767822 | E34: ='BGS Cost & Bid Factors'!F$81 -> 1.0730329 | F34: ='BGS Cost & Bid Factors'!G$81 -> 1.0662287 | G34: ='BGS Cost & Bid Factors'!H$81 -> 1.0767822
A35: Incl Losses | B35: =B33*B34 -> 55138.784 | C35: =C33*C34 -> 25.842772 | D35: =D33*D34 -> 1124.1606 | E35: =E33*E34 -> 572.99958 | F35: =F33*F34 -> 449.94851 | G35: =G33*G34 -> 29581.36 | H35: =SUM(B35:G35) -> 86893.095
A39: Summer | B39: =ROUND(B$13*$C30,0) -> 40354 | C39: =ROUND(C$13*$C30,0) -> 15 | D39: =ROUND(D$13*$C30,0) -> 427 | E39: =ROUND(E$13*$C30,0) -> 208 | F39: =ROUND(F$13*$C30,0) -> 178 | G39: =ROUND(G$13*$C30,0) -> 16309 | H39: =SUM(B39:G39) -> 57491
A40: Expan Ftr | B40: ='BGS Cost & Bid Factors'!C$81 -> 1.0767822 | C40: ='BGS Cost & Bid Factors'!D$81 -> 1.0767822 | D40: ='BGS Cost & Bid Factors'!E$81 -> 1.0767822 | E40: ='BGS Cost & Bid Factors'!F$81 -> 1.0730329 | F40: ='BGS Cost & Bid Factors'!G$81 -> 1.0662287 | G40: ='BGS Cost & Bid Factors'!H$81 -> 1.0767822
A41: Incl Losses | B41: =B39*B40 -> 43452.467 | C41: =C39*C40 -> 16.151732 | D41: =D39*D40 -> 459.78598 | E41: =E39*E40 -> 223.19085 | F41: =F39*F40 -> 189.78871 | G41: =G39*G40 -> 17561.24 | H41: =SUM(B41:G41) -> 61902.625
A44: Summary
A46: Sales:
C47: Eastern | D47: Cen/West | E47: Total
B49: Summer | C49: =H26 -> 412113 | D49: =H39 -> 57491 | E49: =SUM(C49:D49) -> 469604
B50: Winter | C50: =H20 -> 578511 | D50: =H33 -> 80703 | E50: =SUM(C50:D50) -> 659214
B51: Total | C51: =SUM(C49:C50) -> 990624 | D51: =SUM(D49:D50) -> 138194 | E51: =SUM(E49:E50) -> 1128818
A53: Sendout:
C54: Eastern | D54: Cen/West | E54: Total
B56: Summer | C56: =H28 -> 443736.87 | D56: =H41 -> 61902.625 | E56: =SUM(C56:D56) -> 505639.49
B57: Winter | C57: =H22 -> 622884.08 | D57: =H35 -> 86893.095 | E57: =SUM(C57:D57) -> 709777.18
B58: Total | C58: =SUM(C56:C57) -> 1066621 | D58: =SUM(D56:D57) -> 148795.72 | E58: =SUM(E56:E57) -> 1215416.7

Sheet Backup Calcs
A1: SC2 Sales and Demands
A3: Actual Data
C4: Percent | O4: Number of | P4: Average Use/
B5: Total | C5: Non-Demand | D5: Non-Demand | E5: Demand | F5: Hours | H5: First | I5: Over 5 | N5: % of 5kW | O5: Demand Billed | P5: Demand Billed
B6: MWh | C6: Metered | D6: Metered MWh | E6: Metered MWh | F6: Use | G6: kW | H6: 5 kW | I6: kW | N6: Per Cust | O6: Customers | P6: Customers
A8: Jan | B8: =D8+E8 -> 49162.199 | C8: =ROUND(D8/B8,4) -> 0.042 | D8: 2063.2565 | E8: 47098.942 | F8: =E8*1000/G8 -> 344.59228 | G8: =H8+I8 -> 136680.2 | H8: 25970.72 | I8: 110709.48 | N8: =H8/(O8*5) -> 0.70878207 | O8: 7328.2667 | P8: =E8/O8*1000 -> 6427.0235
A9: Feb | B9: =D9+E9 -> 45381.934 | C9: =ROUND(D9/B9,4) -> 0.0412 | D9: 1869.9026 | E9: 43512.031 | F9: =E9*1000/G9 -> 329.7224 | G9: =H9+I9 -> 131965.65 | H9: 25088.1 | I9: 106877.55 | N9: =H9/(O9*5) -> 0.71039576 | O9: 7063.1333 | P9: =E9/O9*1000 -> 6160.4431
A10: Mar | B10: =D10+E10 -> 42291.978 | C10: =ROUND(D10/B10,4) -> 0.0338 | D10: 1429.788 | E10: 40862.19 | F10: =E10*1000/G10 -> 303.23016 | G10: =H10+I10 -> 134756.35 | H10: 26592.89 | I10: 108163.46 | N10: =H10/(O10*5) -> 0.7030971 | O10: 7564.5 | P10: =E10/O10*1000 -> 5401.8362
A11: Apr | B11: =D11+E11 -> 41685.167 | C11: =ROUND(D11/B11,4) -> 0.0299 | D11: 1248.2221 | E11: 40436.945 | F11: =E11*1000/G11 -> 297.23615 | G11: =H11+I11 -> 136043.16 | H11: 25978.98 | I11: 110064.18 | N11: =H11/(O11*5) -> 0.71050058 | O11: 7312.8667 | P11: =E11/O11*1000 -> 5529.5614
A12: May | B12: =D12+E12 -> 41027.301 | C12: =ROUND(D12/B12,4) -> 0.0237 | D12: 971.13128 | E12: 40056.169 | F12: =E12*1000/G12 -> 281.4448 | G12: =H12+I12 -> 142323.36 | H12: 26412.59 | I12: 115910.77 | N12: =H12/(O12*5) -> 0.72306472 | O12: 7305.7333 | P12: =E12/O12*1000 -> 5482.8403
A13: Jun | B13: =D13+E13 -> 46125.138 | C13: =ROUND(D13/B13,4) -> 0.0222 | D13: 1022.2067 | E13: 45102.931 | F13: =E13*1000/G13 -> 283.6791 | G13: =H13+I13 -> 158992.79 | H13: 25998.99 | I13: 132993.8 | N13: =H13/(O13*5) -> 0.73580312 | O13: 7066.8333 | P13: =E13/O13*1000 -> 6382.3398
A14: Jul | B14: =D14+E14 -> 54561.503 | C14: =ROUND(D14/B14,4) -> 0.0236 | D14: 1289.9063 | E14: 53271.597 | F14: =E14*1000/G14 -> 302.05969 | G14: =H14+I14 -> 176361.16 | H14: 27934.19 | I14: 148426.97 | N14: =H14/(O14*5) -> 0.73784157 | O14: 7571.8667 | P14: =E14/O14*1000 -> 7035.4642
A15: Aug | B15: =D15+E15 -> 52221.795 | C15: =ROUND(D15/B15,4) -> 0.0226 | D15: 1180.7339 | E15: 51041.061 | F15: =E15*1000/G15 -> 304.97868 | G15: =H15+I15 -> 167359.44 | H15: 26865.99 | I15: 140493.45 | N15: =H15/(O15*5) -> 0.73524877 | O15: 7308 | P15: =E15/O15*1000 -> 6984.2722
A16: Sep | B16: =D16+E16 -> 50175.856 | C16: =ROUND(D16/B16,4) -> 0.0217 | D16: 1089.3148 | E16: 49086.542 | F16: =E16*1000/G16 -> 323.17105 | G16: =H16+I16 -> 151890.28 | H16: 26477.58 | I16: 125412.7 | N16: =H16/(O16*5) -> 0.72391244 | O16: 7315.1333 | P16: =E16/O16*1000 -> 6710.273
A17: Oct | B17: =D17+E17 -> 44750.797 | C17: =ROUND(D17/B17,4) -> 0.0218 | D17: 973.44554 | E17: 43777.351 | F17: =E17*1000/G17 -> 298.71191 | G17: =H17+I17 -> 146553.75 | H17: 27003.93 | I17: 119549.82 | N17: =H17/(O17*5) -> 0.71627512 | O17: 7540.1 | P17: =E17/O17*1000 -> 5805.9377
A18: Nov | B18: =D18+E18 -> 39177.498 | C18: =ROUND(D18/B18,4) -> 0.0264 | D18: 1033.2758 | E18: 38144.222 | F18: =E18*1000/G18 -> 285.33825 | G18: =H18+I18 -> 133680.72 | H18: 24144.62 | I18: 109536.1 | N18: =H18/(O18*5) -> 0.71666668 | O18: 6738.0333 | P18: =E18/O18*1000 -> 5661.032
A19: Dec | B19: =D19+E19 -> 46675.018 | C19: =ROUND(D19/B19,4) -> 0.0375 | D19: 1748.7591 | E19: 44926.259 | F19: =E19*1000/G19 -> 319.37177 | G19: =H19+I19 -> 140670.73 | H19: 26843.78 | I19: 113826.95 | N19: =H19/(O19*5) -> 0.7107452 | O19: 7553.7 | P19: =E19/O19*1000 -> 5947.5832
A21: Total | B21: =SUM(B8:B19) -> 553236.18 | D21: =SUM(D8:D19) -> 15919.942 | E21: =SUM(E8:E19) -> 537316.24 | G21: =SUM(G8:G19) -> 1757277.6 | H21: =SUM(H8:H19) -> 315312.36 | I21: =SUM(I8:I19) -> 1441965.2
D22: =ROUND(D21/B21,3) -> 0.029 | E22: =ROUND(E21/B21,3) -> 0.971
A24: Summer | B24: =SUM(B13:B16) -> 203084.29 | D24: =SUM(D13:D16) -> 4582.1616 | E24: =SUM(E13:E16) -> 198502.13 | G24: =SUM(G13:G16) -> 654603.67 | H24: =SUM(H13:H16) -> 107276.75 | I24: =SUM(I13:I16) -> 547326.92
A25: Winter | B25: =SUM(B8:B12)+SUM(B17:B19) -> 350151.89 | D25: =SUM(D8:D12)+SUM(D17:D19) -> 11337.781 | E25: =SUM(E8:E12)+SUM(E17:E19) -> 338814.11 | G25: =SUM(G8:G12)+SUM(G17:G19) -> 1102673.9 | H25: =SUM(H8:H12)+SUM(H17:H19) -> 208035.61 | I25: =SUM(I8:I12)+SUM(I17:I19) -> 894638.31
A28: Forecast Data - Without CIEP Expansion
C30: Percent | O30: Number of | P30: Average Use/
B31: Total | C31: Non-Demand | D31: Non-Demand | E31: Demand | F31: Hours | H31: First | I31: Over 5 | N31: % of 5kW | O31: Demand Billed | P31: Demand Billed
B32: MWh | C32: Metered | D32: Metered MWh | E32: Metered MWh | F32: Use | G32: kW | H32: 5 kW | I32: kW | N32: Per Cust | O32: Customers | P32: Customers
A34: Jan | B34: 34797.561 | C34: =C8 -> 0.042 | D34: =ROUND(B34*C8,0) -> 1461 | E34: =B34-D34 -> 33336.561 | F34: =F8 -> 344.59228 | G34: =ROUND(E34*1000/F34,0) -> 96742 | H34: =O34*5*N34 -> 18382.037 | I34: =G34-H34 -> 78359.963 | N34: =N8 -> 0.70878207 | O34: =E34/P34*1000 -> 5186.9361 | P34: =P8 -> 6427.0235
A35: Feb | B35: 36496.643 | C35: =C9 -> 0.0412 | D35: =ROUND(B35*C9,0) -> 1504 | E35: =B35-D35 -> 34992.643 | F35: =F9 -> 329.7224 | G35: =ROUND(E35*1000/F35,0) -> 106128 | H35: =O35*5*N35 -> 20176.004 | I35: =G35-H35 -> 85951.996 | N35: =N9 -> 0.71039576 | O35: =E35/P35*1000 -> 5680.2152 | P35: =P9 -> 6160.4431
A36: Mar | B36: 32909.965 | C36: =C10 -> 0.0338 | D36: =ROUND(B36*C10,0) -> 1112 | E36: =B36-D36 -> 31797.965 | F36: =F10 -> 303.23016 | G36: =ROUND(E36*1000/F36,0) -> 104864 | H36: =O36*5*N36 -> 20693.942 | I36: =G36-H36 -> 84170.058 | N36: =N10 -> 0.7030971 | O36: =E36/P36*1000 -> 5886.5105 | P36: =P10 -> 5401.8362
A37: Apr | B37: 29251.74 | C37: =C11 -> 0.0299 | D37: =ROUND(B37*C11,0) -> 875 | E37: =B37-D37 -> 28376.74 | F37: =F11 -> 297.23615 | G37: =ROUND(E37*1000/F37,0) -> 95469 | H37: =O37*5*N37 -> 18230.822 | I37: =G37-H37 -> 77238.178 | N37: =N11 -> 0.71050058 | O37: =E37/P37*1000 -> 5131.8248 | P37: =P11 -> 5529.5614
A38: May | B38: 31659.675 | C38: =C12 -> 0.0237 | D38: =ROUND(B38*C12,0) -> 750 | E38: =B38-D38 -> 30909.675 | F38: =F12 -> 281.4448 | G38: =ROUND(E38*1000/F38,0) -> 109825 | H38: =O38*5*N38 -> 20381.494 | I38: =G38-H38 -> 89443.506 | N38: =N12 -> 0.72306472 | O38: =E38/P38*1000 -> 5637.5297 | P38: =P12 -> 5482.8403
A39: Jun | B39: 33301.036 | C39: =C13 -> 0.0222 | D39: =ROUND(B39*C13,0) -> 739 | E39: =B39-D39 -> 32562.036 | F39: =F13 -> 283.6791 | G39: =ROUND(E39*1000/F39,0) -> 114785 | H39: =O39*5*N39 -> 18769.956 | I39: =G39-H39 -> 96015.044 | N39: =N13 -> 0.73580312 | O39: =E39/P39*1000 -> 5101.8964 | P39: =P13 -> 6382.3398
A40: Jul | B40: 39433.423 | C40: =C14 -> 0.0236 | D40: =ROUND(B40*C14,0) -> 931 | E40: =B40-D40 -> 38502.423 | F40: =F14 -> 302.05969 | G40: =ROUND(E40*1000/F40,0) -> 127466 | H40: =O40*5*N40 -> 20189.633 | I40: =G40-H40 -> 107276.37 | N40: =N14 -> 0.73784157 | O40: =E40/P40*1000 -> 5472.6201 | P40: =P14 -> 7035.4642
A41: Aug | B41: 42275.361 | C41: =C15 -> 0.0226 | D41: =ROUND(B41*C15,0) -> 955 | E41: =B41-D41 -> 41320.361 | F41: =F15 -> 304.97868 | G41: =ROUND(E41*1000/F41,0) -> 135486 | H41: =O41*5*N41 -> 21749.399 | I41: =G41-H41 -> 113736.6 | N41: =N15 -> 0.73524877 | O41: =E41/P41*1000 -> 5916.2013 | P41: =P15 -> 6984.2722
A42: Sep | B42: 39745.139 | C42: =C16 -> 0.0217 | D42: =ROUND(B42*C16,0) -> 862 | E42: =B42-D42 -> 38883.139 | F42: =F16 -> 323.17105 | G42: =ROUND(E42*1000/F42,0) -> 120318 | H42: =O42*5*N42 -> 20973.803 | I42: =G42-H42 -> 99344.197 | N42: =N16 -> 0.72391244 | O42: =E42/P42*1000 -> 5794.5689 | P42: =P16 -> 6710.273
A43: Oct | B43: 37142.207 | C43: =C17 -> 0.0218 | D43: =ROUND(B43*C17,0) -> 810 | E43: =B43-D43 -> 36332.207 | F43: =F17 -> 298.71191 | G43: =ROUND(E43*1000/F43,0) -> 121630 | H43: =O43*5*N43 -> 22411.415 | I43: =G43-H43 -> 99218.585 | N43: =N17 -> 0.71627512 | O43: =E43/P43*1000 -> 6257.7673 | P43: =P17 -> 5805.9377
A44: Nov | B44: 29869.782 | C44: =C18 -> 0.0264 | D44: =ROUND(B44*C18,0) -> 789 | E44: =B44-D44 -> 29080.782 | F44: =F18 -> 285.33825 | G44: =ROUND(E44*1000/F44,0) -> 101917 | H44: =O44*5*N44 -> 18407.622 | I44: =G44-H44 -> 83509.378 | N44: =N18 -> 0.71666668 | O44: =E44/P44*1000 -> 5137.0107 | P44: =P18 -> 5661.032
A45: Dec | B45: 32676.351 | C45: =C19 -> 0.0375 | D45: =ROUND(B45*C19,0) -> 1225 | E45: =B45-D45 -> 31451.351 | F45: =F19 -> 319.37177 | G45: =ROUND(E45*1000/F45,0) -> 98479 | H45: =O45*5*N45 -> 18792.42 | I45: =G45-H45 -> 79686.58 | N45: =N19 -> 0.7107452 | O45: =E45/P45*1000 -> 5288.0892 | P45: =P19 -> 5947.5832
A47: Total | B47: =SUM(B34:B45) -> 419558.88 | D47: =SUM(D34:D45) -> 12013 | E47: =SUM(E34:E45) -> 407545.88 | G47: =SUM(G34:G45) -> 1333109 | H47: =SUM(H34:H45) -> 239158.55 | I47: =SUM(I34:I45) -> 1093950.5
D48: =ROUND(D47/B47,3) -> 0.029 | E48: =ROUND(E47/B47,3) -> 0.971
A50: Summer | B50: =SUM(B39:B42) -> 154754.96 | D50: =SUM(D39:D42) -> 3487 | E50: =SUM(E39:E42) -> 151267.96 | G50: =SUM(G39:G42) -> 498055 | H50: =SUM(H39:H42) -> 81682.791 | I50: =SUM(I39:I42) -> 416372.21
A51: Winter | B51: =SUM(B34:B38)+SUM(B43:B45) -> 264803.92 | D51: =SUM(D34:D38)+SUM(D43:D45) -> 8526 | E51: =SUM(E34:E38)+SUM(E43:E45) -> 256277.92 | G51: =SUM(G34:G38)+SUM(G43:G45) -> 835054 | H51: =SUM(H34:H38)+SUM(H43:H45) -> 157475.76 | I51: =SUM(I34:I38)+SUM(I43:I45) -> 677578.24
A53: Forecast Data - CIEP Figures
C55: Percent
B56: Total | C56: Non-Demand | D56: Non-Demand | E56: Demand | F56: Hours | H56: First | I56: Over 5
B57: MWh | C57: Metered | D57: Metered MWh | E57: Metered MWh | F57: Use | G57: kW | H57: 5 kW | I57: kW
A59: Jan | E59: 3621.762 | G59: =H59+I59 -> 9236.26 | H59: 97.5 | I59: 9138.76
A60: Feb | E60: 4007.1575 | G60: =H60+I60 -> 9198.23 | H60: 97.5 | I60: 9100.73
A61: Mar | E61: 4330.597 | G61: =H61+I61 -> 9526.28 | H61: 97.5 | I61: 9428.78
A62: Apr | E62: 4060.131 | G62: =H62+I62 -> 9202.99 | H62: 87.5 | I62: 9115.49
A63: May | E63: 3300.14 | G63: =H63+I63 -> 7838.6 | H63: 82.5 | I63: 7756.1
A64: Jun | E64: 4302.1645 | G64: =H64+I64 -> 10426.52 | H64: 87.5 | I64: 10339.02
A65: Jul | E65: 4233.9475 | G65: =H65+I65 -> 9782.36 | H65: 87.5 | I65: 9694.86
A66: Aug | E66: 4482.0955 | G66: =H66+I66 -> 11125.77 | H66: 87.5 | I66: 11038.27
A67: Sep | E67: 5030.325 | G67: =H67+I67 -> 11243.71 | H67: 87.5 | I67: 11156.21
A68: Oct | E68: 4996.524 | G68: =H68+I68 -> 12569.55 | H68: 107.5 | I68: 12462.05
A69: Nov | E69: 3826.8275 | G69: =H69+I69 -> 9064.9 | H69: 87.5 | I69: 8977.4
A70: Dec | E70: 3733.855 | G70: =H70+I70 -> 9110.8 | H70: 92.5 | I70: 9018.3
A74: Forecast Data
C75: Percent | O75: Number of | P75: Average Use/
B76: Total | C76: Non-Demand | D76: Non-Demand | E76: Demand | F76: Hours | H76: First | I76: Over 5 | N76: % of 5kW | O76: Demand Billed | P76: Demand Billed
B77: MWh | C77: Metered | D77: Metered MWh | E77: Metered MWh | F77: Use | G77: kW | H77: 5 kW | I77: kW | N77: Per Cust | O77: Customers | P77: Customers
A79: Jan | B79: =B34-B59 -> 34797.561 | D79: =D34-D59 -> 1461 | E79: =E34-E59 -> 29714.799 | G79: =G34-G59 -> 87505.74 | H79: =H34-H59 -> 18284.537 | I79: =I34-I59 -> 69221.203 | N79: =N8 -> 0.70878207 | O79: =E79/P79*1000 -> 4623.4153 | P79: =P8 -> 6427.0235
A80: Feb | B80: =B35-B60 -> 36496.643 | D80: =ROUND(B80*C9,0) -> 1504 | E80: =E35-E60 -> 30985.485 | G80: =G35-G60 -> 96929.77 | H80: =H35-H60 -> 20078.504 | I80: =I35-I60 -> 76851.266 | N80: =N9 -> 0.71039576 | O80: =E80/P80*1000 -> 5029.7494 | P80: =P9 -> 6160.4431
A81: Mar | B81: =B36-B61 -> 32909.965 | D81: =ROUND(B81*C10,0) -> 1112 | E81: =E36-E61 -> 27467.368 | G81: =G36-G61 -> 95337.72 | H81: =H36-H61 -> 20596.442 | I81: =I36-I61 -> 74741.278 | N81: =N10 -> 0.7030971 | O81: =E81/P81*1000 -> 5084.8207 | P81: =P10 -> 5401.8362
A82: Apr | B82: =B37-B62 -> 29251.74 | D82: =ROUND(B82*C11,0) -> 875 | E82: =E37-E62 -> 24316.609 | G82: =G37-G62 -> 86266.01 | H82: =H37-H62 -> 18143.322 | I82: =I37-I62 -> 68122.688 | N82: =N11 -> 0.71050058 | O82: =E82/P82*1000 -> 4397.5656 | P82: =P11 -> 5529.5614
A83: May | B83: =B38-B63 -> 31659.675 | D83: =ROUND(B83*C12,0) -> 750 | E83: =E38-E63 -> 27609.535 | G83: =G38-G63 -> 101986.4 | H83: =H38-H63 -> 20298.994 | I83: =I38-I63 -> 81687.406 | N83: =N12 -> 0.72306472 | O83: =E83/P83*1000 -> 5035.6264 | P83: =P12 -> 5482.8403
A84: Jun | B84: =B39-B64 -> 33301.036 | D84: =ROUND(B84*C13,0) -> 739 | E84: =E39-E64 -> 28259.872 | G84: =G39-G64 -> 104358.48 | H84: =H39-H64 -> 18682.456 | I84: =I39-I64 -> 85676.024 | N84: =N13 -> 0.73580312 | O84: =E84/P84*1000 -> 4427.8232 | P84: =P13 -> 6382.3398
A85: Jul | B85: =B40-B65 -> 39433.423 | D85: =ROUND(B85*C14,0) -> 931 | E85: =E40-E65 -> 34268.476 | G85: =G40-G65 -> 117683.64 | H85: =H40-H65 -> 20102.133 | I85: =I40-I65 -> 97581.507 | N85: =N14 -> 0.73784157 | O85: =E85/P85*1000 -> 4870.8194 | P85: =P14 -> 7035.4642
A86: Aug | B86: =B41-B66 -> 42275.361 | D86: =ROUND(B86*C15,0) -> 955 | E86: =E41-E66 -> 36838.265 | G86: =G41-G66 -> 124360.23 | H86: =H41-H66 -> 21661.899 | I86: =I41-I66 -> 102698.33 | N86: =N15 -> 0.73524877 | O86: =E86/P86*1000 -> 5274.4601 | P86: =P15 -> 6984.2722
A87: Sep | B87: =B42-B67 -> 39745.139 | D87: =ROUND(B87*C16,0) -> 862 | E87: =E42-E67 -> 33852.814 | G87: =G42-G67 -> 109074.29 | H87: =H42-H67 -> 20886.303 | I87: =I42-I67 -> 88187.987 | N87: =N16 -> 0.72391244 | O87: =E87/P87*1000 -> 5044.9236 | P87: =P16 -> 6710.273
A88: Oct | B88: =B43-B68 -> 37142.207 | D88: =ROUND(B88*C17,0) -> 810 | E88: =E43-E68 -> 31335.683 | G88: =G43-G68 -> 109060.45 | H88: =H43-H68 -> 22303.915 | I88: =I43-I68 -> 86756.535 | N88: =N17 -> 0.71627512 | O88: =E88/P88*1000 -> 5397.1787 | P88: =P17 -> 5805.9377
A89: Nov | B89: =B44-B69 -> 29869.782 | D89: =ROUND(B89*C18,0) -> 789 | E89: =E44-E69 -> 25253.954 | G89: =G44-G69 -> 92852.1 | H89: =H44-H69 -> 18320.122 | I89: =I44-I69 -> 74531.978 | N89: =N18 -> 0.71666668 | O89: =E89/P89*1000 -> 4461.016 | P89: =P18 -> 5661.032
A90: Dec | B90: =B45-B70 -> 32676.351 | D90: =ROUND(B90*C19,0) -> 1225 | E90: =E45-E70 -> 27717.496 | G90: =G45-G70 -> 89368.2 | H90: =H45-H70 -> 18699.92 | I90: =I45-I70 -> 70668.28 | N90: =N19 -> 0.7107452 | O90: =E90/P90*1000 -> 4660.2956 | P90: =P19 -> 5947.5832
A92: Total | B92: =SUM(B79:B90) -> 419558.88 | D92: =SUM(D79:D90) -> 12013 | E92: =SUM(E79:E90) -> 357620.36 | G92: =SUM(G79:G90) -> 1214783 | H92: =SUM(H79:H90) -> 238058.55 | I92: =SUM(I79:I90) -> 976724.48
D93: =ROUND(D92/B92,3) -> 0.029 | E93: =ROUND(E92/B92,3) -> 0.852
A95: Summer | B95: =SUM(B84:B87) -> 154754.96 | D95: =SUM(D84:D87) -> 3487 | E95: =SUM(E84:E87) -> 133219.43 | G95: =SUM(G84:G87) -> 455476.64 | H95: =SUM(H84:H87) -> 81332.791 | I95: =SUM(I84:I87) -> 374143.85
A96: Winter | B96: =SUM(B79:B83)+SUM(B88:B90) -> 264803.92 | D96: =SUM(D79:D83)+SUM(D88:D90) -> 8526 | E96: =SUM(E79:E83)+SUM(E88:E90) -> 224400.93 | G96: =SUM(G79:G83)+SUM(G88:G90) -> 759306.39 | H96: =SUM(H79:H83)+SUM(H88:H90) -> 156725.76 | I96: =SUM(I79:I83)+SUM(I88:I90) -> 602580.63
A100: SC1 Blocking Percentages (Rate Case Historical Billing Determinants)
C102: 45809 | D102: 45839 | E102: 45870 | F102: 45901 | G102: Total | H102: Percentages
A104: First 600 kWh | C104: 32689909 | D104: 37070864 | E104: 36034634 | F104: 34195017 | G104: =SUM(C104:F104) -> 139990424 | H104: =ROUND(G104/G106,4) -> 0.4301
A105: Over 600 kWh (incl WH) | C105: 32528793 | D105: 54585676 | E105: 56469952 | F105: 41941691 | G105: =SUM(C105:F105) -> 185526112 | H105: =ROUND(G105/G106,4) -> 0.5699
A106: Total | C106: =SUM(C104:C105) -> 65218702 | D106: =SUM(D104:D105) -> 91656540 | E106: =SUM(E104:E105) -> 92504586 | F106: =SUM(F104:F105) -> 76136708 | G106: =SUM(G104:G105) -> 325516536 | H106: =SUM(H104:H105) -> 1

Sheet Attachment D-4 (EY27-28)
B3: Development of Capacity Proxy Price True-Up - $/MWh
B4: Using 2027/2028 Illustrative Data for RECO
B5: Using 2027/2028 Illustrative Data for RECO | C5: Capacity Proxy Price True-Up Development for Winning Suppliers from 2025 BGS-RSCP Auction
C6: 2027/28 Delivery Year | D6: Notes:
A7: 1 | B7: Zonal Capacity Price ($/MW-day) | C7: 333.69 | D7: as may be determined by the RPM or its successor or otherwise
A8: 2 | B8: Capacity Proxy Price ($/MW-day) | C8: 270.35 | D8: per Board Orders dated 11/21/2024
A10: 3 | B10: Capacity Proxy Price True-Up - $/MW-day | C10: =C7-C8 -> 63.34 | D10: = line 1 - line 2
A11: 4 | B11: BGS-RSCP Gen Obl - MW | C11: ='BGS Cost & Bid Factors'!I139 -> 361.661
A12: 5 | B12: Days in Year | C12: 366
A13: 6 | B13: Capacity Proxy Price True-Up Annual Cost | C13: =C10*C11*C12 -> 8384184.4 | D13: = line 3 * line 4 * line 5
A15: 7 | B15: Eligible Tranches | C15: 1 | D15: from Table A
A16: 8 | B16: Total Tranches | C16: 4 | D16: from Table A
A17: 9 | B17: % of tranches eligible for payment | C17: =+C15/C16 -> 0.25 | D17: = line 7 / line 8
A19: 10 | B19: Capacity Proxy Price True-Up Cost | C19: =C13*C17 -> 2096046.1 | D19: = line 6 * line 9
A21: 11 | B21: Total Applicable Customer Usage @ transmission nodes - in MWh | C21: ='Weighted Avg Price Calc'!D26 -> 1066621
A22: 12 | B22: Eligible Customer Usage @ transmission nodes - in MWh | C22: =C21*C17 -> 266655.24 | D22: = line 9 * line 11
A24: 13 | B24: Capacity Proxy Price True-Up - $/MWh | C24: =ROUND(+C19/C22,2) -> 7.86 | D24: = line 10/ line 12 - rounded to 2 decimal places

Sheet Attachment D-5 (EY28-29)
B3: Development of Capacity Proxy Price True-Up - $/MWh
B4: Using 2028/2029 Illustrative Data for RECO
B5: Using 2028/2029 Illustrative Data for RECO | C5: Capacity Proxy Price True-Up Development for Winning Suppliers from 2026 BGS-RSCP Auction | D5: Capacity Proxy Price True-Up Development for Winning Suppliers from 2027 BGS-RSCP Auction (If needed)
C6: 2028/29 Delivery Year | D6: =C6 -> 2028/29 Delivery Year | E6: Notes:
A7: 1 | B7: Zonal Capacity Price ($/MW-day) | C7: 335 | D7: =C7 -> 335 | E7: as may be determined by the RPM or its successor or otherwise
A8: 2 | B8: Capacity Proxy Price ($/MW-day) | C8: 333.69 | D8: =C8 -> 333.69 | E8: per Board Orders dated 11/21/2025 and XX/XX/2026
A10: 3 | B10: Capacity Proxy Price True-Up - $/MW-day | C10: =C7-C8 -> 1.31 | D10: =D7-D8 -> 1.31 | E10: = line 1 - line 2
A11: 4 | B11: BGS-RSCP Gen Obl - MW | C11: ='Attachment D-4 (EY27-28)'!C11 -> 361.661 | D11: =C11 -> 361.661
A12: 5 | B12: Days in Year | C12: 365 | D12: 365
A13: 6 | B13: Capacity Proxy Price True-Up Annual Cost | C13: =C10*C11*C12 -> 172928.21 | D13: =D10*D11*D12 -> 172928.21 | E13: = line 3 * line 4 * line 5
A15: 7 | B15: Eligible Tranches | C15: 2 | D15: 1 | E15: from Table A
A16: 8 | B16: Total Tranches | C16: 4 | D16: 4 | E16: from Table A
A17: 9 | B17: % of tranches eligible for payment | C17: =+C15/C16 -> 0.5 | D17: =+D15/D16 -> 0.25 | E17: = line 7 / line 8
A19: 10 | B19: Capacity Proxy Price True-Up Cost | C19: =C13*C17 -> 86464.104 | D19: =D13*D17 -> 43232.052 | E19: = line 6 * line 9
A21: 11 | B21: Total Applicable Customer Usage @ transmission nodes - in MWh | C21: ='Weighted Avg Price Calc'!D26 -> 1066621 | D21: =C21 -> 1066621
A22: 12 | B22: Eligible Customer Usage @ transmission nodes - in MWh | C22: =C21*C17 -> 533310.48 | D22: =D21*D17 -> 266655.24 | E22: = line 9 * line 11
A24: 13 | B24: Capacity Proxy Price True-Up - $/MWh | C24: =ROUND(+C19/C22,2) -> 0.16 | D24: =ROUND(+D19/D22,2) -> 0.16 | E24: = line 10/ line 12 - rounded to 2 decimal places

Sheet Attachment D-6 (EY29-30)
B3: Development of Capacity Proxy Price True-Up - $/MWh
B4: Using 2029/2030 Illustrative Data for RECO
B5: Using 2029/2030 Illustrative Data for RECO | C5: Capacity Proxy Price True-Up Development for Winning Suppliers from 2027 BGS-RSCP Auction (If needed)
C6: 2029/30 Delivery Year | D6: Notes:
A7: 1 | B7: Zonal Capacity Price ($/MW-day) | C7: 335 | D7: as may be determined by the RPM or its successor or otherwise
A8: 2 | B8: Capacity Proxy Price ($/MW-day) | C8: 333.69 | D8: per Board Order dated XX/XX/2026
A10: 3 | B10: Capacity Proxy Price True-Up - $/MW-day | C10: =C7-C8 -> 1.31 | D10: = line 1 - line 2
A11: 4 | B11: BGS-RSCP Gen Obl - MW | C11: ='Attachment D-4 (EY27-28)'!C11 -> 361.661
A12: 5 | B12: Days in Year | C12: 365
A13: 6 | B13: Capacity Proxy Price True-Up Annual Cost | C13: =C10*C11*C12 -> 172928.21 | D13: = line 3 * line 4 * line 5
A15: 7 | B15: Eligible Tranches | C15: 1 | D15: from Table A
A16: 8 | B16: Total Tranches | C16: 4 | D16: from Table A
A17: 9 | B17: % of tranches eligible for payment | C17: =+C15/C16 -> 0.25 | D17: = line 7 / line 8
A19: 10 | B19: Capacity Proxy Price True-Up Cost | C19: =C13*C17 -> 43232.052 | D19: = line 6 * line 9
A21: 11 | B21: Total Applicable Customer Usage @ transmission nodes - in MWh | C21: ='Weighted Avg Price Calc'!D26 -> 1066621
A22: 12 | B22: Eligible Customer Usage @ transmission nodes - in MWh | C22: =C21*C17 -> 266655.24 | D22: = line 9 * line 11
A24: 13 | B24: Capacity Proxy Price True-Up - $/MWh | C24: =ROUND(+C19/C22,2) -> 0.16 | D24: = line 10/ line 12 - rounded to 2 decimal places

Sheet Attachment D-7
A1: ROCKLAND ELECTRIC COMPANY
A2: 2028 BGS Auction
A3: Illustrative Purposes Only
A4: Table A | B4: Weighted Average Price Calculation
D6: 2026 | E6: 2027 | F6: 2028
D7: Auction | E7: Auction | F7: Auction
B8: Line # | C8: Specific BGS-FP Auction >> | D8: 36 Month | E8: 36 Month | F8: 36 Month | G8: Total | I8: Notes:
B9: 1 | C9: Tranches | D9: 2 | E9: 1 | F9: 1 | G9: 4 | I9: From then-current auction
B10: 2(a) | C10: Winning Bid Price (¢/kWh)* | D10: ='Weighted Avg Price Calc'!E10 -> 12.057 | E10: ='Weighted Avg Price Calc'!F10 -> 12.057 | F10: =E14 -> 12.073
B11: 2(b) | C11: Capacity Proxy Price True-up - in (¢/kWh)* | D11: ='Attachment D-5 (EY28-29)'!C24/10 -> 0.016 | E11: ='Attachment D-5 (EY28-29)'!D24/10 -> 0.016 | I11: Entered After 2028 BGS Auction
B12: 2(C) | C12: Winning Bid Price (¢/kWh)* | D12: 3.746 | E12: 8.068 | F12: 9.648 | I12: = 2(a) + 2(b)
B13: 3 | C13: Transmission (¢/kWh) | D13: 0 | E13: 0 | F13: 0 | I13: Average transmission cost included in bid for existing tranches only
B14: 3 | C14: BGS (¢/kWh) | D14: =D10+D11 -> 12.073 | E14: =E10+E11 -> 12.073 | F14: =F10+F11 -> 12.073 | I14: = 2(a) + 2(b)
B15: 4 | C15: Weighted Avg BGS | D15: =D9/$G$9*D14 -> 6.0365 | E15: =E9/$G$9*E14 -> 3.01825 | F15: =F9/$G$9*F14 -> 3.01825 | G15: =SUM(D15:F15) -> 12.073 | I15: = (1) / Total Tranches * (3)
B16: 5 | C16: Weighted Avg Trans | D16: 0 | E16: 0 | F16: 0 | G16: =SUM(D16:F16) -> 0 | I16: = (1) / Total Tranches * (3)
B17: 5 | C17: Weighted Avg Total Price (¢/kWh) | G17: =G15+G16 -> 12.073
C19: Seasonal Payment Factors
B20: 6 | C20: Summer | D20: 1 | E20: 1 | F20: 1 | G20: ** | I20: From then-current Bid Factor Spreadsheet
B21: 7 | C21: Winter | D21: 1 | E21: 1 | F21: 1 | G21: ** | I21: From then-current Bid Factor Spreadsheet
C23: Applicable Customer Usage @ transmission nodes | F23: (Eastern Division)
B24: 8 | C24: Summer MWh | D24: ='Weighted Avg Price Calc'!D24 -> 443736.87 | I24: From then-current Bid Factor Spreadsheet
B25: 9 | C25: Winter MWh | D25: ='Weighted Avg Price Calc'!D25 -> 622884.08 | I25: From then-current Bid Factor Spreadsheet
B26: 10 | D26: =SUM(D24:D25) -> 1066621
C28: Total Cost
B29: 11 | C29: Summer | D29: =ROUND(D$9/$G$9*(D$14)/100*D$20*$D$24*1000,0) -> 26786176 | E29: =ROUND(E$9/$G$9*(E$14)/100*E$20*$D$24*1000,0) -> 13393088 | F29: =ROUND(F$9/$G$9*(F$14)/100*F$20*$D$24*1000,0) -> 13393088 | G29: =SUM(D29:F29) -> 53572352 | I29: = (1) / Total Tranches * (3) / 100 * (6) * (8) * 1,000
B30: 12 | C30: Winter | D30: =ROUND(D$9/$G$9*(D$14)/100*D$21*$D$25*1000,0) -> 37600398 | E30: =ROUND(E$9/$G$9*(E$14)/100*E$21*$D$25*1000,0) -> 18800199 | F30: =ROUND(F$9/$G$9*(F$14)/100*F$21*$D$25*1000,0) -> 18800199 | G30: =SUM(D30:F30) -> 75200796 | I30: = (1) / Total Tranches * (3) / 100* (7) * (9) * 1,000
B31: 13 | C31: Total | D31: =SUM(D29:D30) -> 64386574 | E31: =SUM(E29:E30) -> 32193287 | F31: =SUM(F29:F30) -> 32193287 | G31: =SUM(G29:G30) -> 128773148 | I31: = (11) + (12)
C33: Average Cost (NJ Statewide Auction)
B34: 14 | C34: Summer | D34: =ROUND(G29/D24/1000*100,3) -> 12.073 | E34: ¢/kWh | I34: = sum(line 11) / (8) / 1000 * 100 rounded to 3 decimal places
B35: 15 | C35: Winter | D35: =ROUND(G30/D25/1000*100,3) -> 12.073 | E35: ¢/kWh | I35: = sum(line 12) / (9) / 1000 * 100 rounded to 3 decimal places
B36: 16 | C36: Total | D36: =ROUND(G31/D26/1000*100,3) -> 12.073 | E36: ¢/kWh | I36: = sum(line 13) / (10) / 1000 * 100 rounded to 3 decimal places
C38: Average Cost (Including RECO RFP)
D39: BGS | E39: RECO
D40: Auction | E40: RFP | G40: Total
B41: 17 | C41: Tranches | D41: =SUM(D9:F9) -> 4 | E41: ='Weighted Avg Price Calc'!E41 -> 0.558 | G41: =SUM(D41:E41) -> 4.558 | I41: Includes RECO RFP equivalent tranches
B42: 18 | C42: Price ¢/kWh | D42: =D36 -> 12.073 | E42: ='Weighted Avg Price Calc'!E42 -> 10.106 | I42: BGS Auction from (16) | K42: ="Note "&E42&"¢ for RFP is illustrative" -> Note 10.106¢ for RFP is illustrative
B44: 19 | C44: Transmission | D44: =F13 -> 0 | E44: 0
B45: 20 | C45: BGS | D45: =D42-D44 -> 12.073 | E45: =E42-E44 -> 10.106 | I45: = (19) - (20)
B46: 19 | C46: Weighted Avg BGS | D46: =D41/$G$41*D42 -> 10.594998 | E46: =E41/$G$41*E42 -> 1.2371979 | G46: =SUM(D46:E46) -> 11.832196 | I46: = (17) / Total Tranches * (18)
B47: 22 | C47: Weighted Avg Trans | D47: =D41/$G$41*D44 -> 0 | E47: =E41/$G$41*E44 -> 0 | G47: =SUM(D47:E47) -> 0 | I47: = (17) / Total Tranches * (19)
B48: 20 | C48: Weighted Avg Total Price | G48: =ROUND(G46,3) -> 11.832 | I48: = (19)
C50: * Includes Impact of PJM Marginal Losses
C51: ** Auction results set to 1.0 to avoid using an atypical result from the current 12-month forward prices.

Sheet Attachment D-8
A1: ROCKLAND ELECTRIC COMPANY
A2: 2029 BGS Auction
A3: Illustrative Purposes Only
A4: Table A | B4: Weighted Average Price Calculation
D6: 2027 | E6: 2028 | F6: 2029
D7: Auction | E7: Auction | F7: Auction
B8: Line # | C8: Specific BGS-FP Auction >> | D8: 36 Month | E8: 36 Month | F8: 36 Month | G8: Total | I8: Notes:
B9: 1 | C9: Tranches | D9: 1 | E9: 1 | F9: 2 | G9: 4 | I9: From then-current auction
B10: 2(a) | C10: Winning Bid Price (¢/kWh)* | D10: ='Weighted Avg Price Calc'!F10 -> 12.057 | E10: ='Attachment D-7'!F10 -> 12.073 | F10: =E14 -> 12.073
B11: 2(b) | C11: Capacity Proxy Price True-up - in (¢/kWh)* | D11: ='Attachment D-6 (EY29-30)'!C24/10 -> 0.016 | I11: Entered After 2029 BGS Auction
B12: 2(C) | C12: Winning Bid Price (¢/kWh)* | D12: 3.746 | E12: 8.068 | F12: 9.648 | I12: = 2(a) + 2(b)
B13: 3 | C13: Transmission (¢/kWh) | D13: 0 | E13: 0 | F13: 0 | I13: Average transmission cost included in bid for existing tranches only
B14: 3 | C14: BGS (¢/kWh) | D14: =D10+D11 -> 12.073 | E14: =E10+E11 -> 12.073 | F14: =F10+F11 -> 12.073 | I14: = 2(a) + 2(b)
B15: 4 | C15: Weighted Avg BGS | D15: =D9/$G$9*D14 -> 3.01825 | E15: =E9/$G$9*E14 -> 3.01825 | F15: =F9/$G$9*F14 -> 6.0365 | G15: =SUM(D15:F15) -> 12.073 | I15: = (1) / Total Tranches * (3)
B16: 5 | C16: Weighted Avg Trans | D16: 0 | E16: 0 | F16: 0 | G16: =SUM(D16:F16) -> 0 | I16: = (1) / Total Tranches * (3)
B17: 5 | C17: Weighted Avg Total Price (¢/kWh) | G17: =G15+G16 -> 12.073
C19: Seasonal Payment Factors
B20: 6 | C20: Summer | D20: 1 | E20: 1 | F20: 1 | G20: ** | I20: From then-current Bid Factor Spreadsheet
B21: 7 | C21: Winter | D21: 1 | E21: 1 | F21: 1 | G21: ** | I21: From then-current Bid Factor Spreadsheet
C23: Applicable Customer Usage @ transmission nodes | F23: (Eastern Division)
B24: 8 | C24: Summer MWh | D24: ='Weighted Avg Price Calc'!D24 -> 443736.87 | I24: From then-current Bid Factor Spreadsheet
B25: 9 | C25: Winter MWh | D25: ='Weighted Avg Price Calc'!D25 -> 622884.08 | I25: From then-current Bid Factor Spreadsheet
B26: 10 | D26: =SUM(D24:D25) -> 1066621
C28: Total Cost
B29: 11 | C29: Summer | D29: =ROUND(D$9/$G$9*(D$14)/100*D$20*$D$24*1000,0) -> 13393088 | E29: =ROUND(E$9/$G$9*(E$14)/100*E$20*$D$24*1000,0) -> 13393088 | F29: =ROUND(F$9/$G$9*(F$14)/100*F$20*$D$24*1000,0) -> 26786176 | G29: =SUM(D29:F29) -> 53572352 | I29: = (1) / Total Tranches * (3) / 100 * (6) * (8) * 1,000
B30: 12 | C30: Winter | D30: =ROUND(D$9/$G$9*(D$14)/100*D$21*$D$25*1000,0) -> 18800199 | E30: =ROUND(E$9/$G$9*(E$14)/100*E$21*$D$25*1000,0) -> 18800199 | F30: =ROUND(F$9/$G$9*(F$14)/100*F$21*$D$25*1000,0) -> 37600398 | G30: =SUM(D30:F30) -> 75200796 | I30: = (1) / Total Tranches * (3) / 100* (7) * (9) * 1,000
B31: 13 | C31: Total | D31: =SUM(D29:D30) -> 32193287 | E31: =SUM(E29:E30) -> 32193287 | F31: =SUM(F29:F30) -> 64386574 | G31: =SUM(G29:G30) -> 128773148 | I31: = (11) + (12)
C33: Average Cost (NJ Statewide Auction)
B34: 14 | C34: Summer | D34: =ROUND(G29/D24/1000*100,3) -> 12.073 | E34: ¢/kWh | I34: = sum(line 11) / (8) / 1000 * 100 rounded to 3 decimal places
B35: 15 | C35: Winter | D35: =ROUND(G30/D25/1000*100,3) -> 12.073 | E35: ¢/kWh | I35: = sum(line 12) / (9) / 1000 * 100 rounded to 3 decimal places
B36: 16 | C36: Total | D36: =ROUND(G31/D26/1000*100,3) -> 12.073 | E36: ¢/kWh | I36: = sum(line 13) / (10) / 1000 * 100 rounded to 3 decimal places
C38: Average Cost (Including RECO RFP)
D39: BGS | E39: RECO
D40: Auction | E40: RFP | G40: Total
B41: 17 | C41: Tranches | D41: =SUM(D9:F9) -> 4 | E41: ='Weighted Avg Price Calc'!E41 -> 0.558 | G41: =SUM(D41:E41) -> 4.558 | I41: Includes RECO RFP equivalent tranches
B42: 18 | C42: Price ¢/kWh | D42: =D36 -> 12.073 | E42: ='Weighted Avg Price Calc'!E42 -> 10.106 | I42: BGS Auction from (16) | K42: ="Note "&E42&"¢ for RFP is illustrative" -> Note 10.106¢ for RFP is illustrative
B44: 19 | C44: Transmission | D44: =F13 -> 0 | E44: 0
B45: 20 | C45: BGS | D45: =D42-D44 -> 12.073 | E45: =E42-E44 -> 10.106 | I45: = (19) - (20)
B46: 19 | C46: Weighted Avg BGS | D46: =D41/$G$41*D42 -> 10.594998 | E46: =E41/$G$41*E42 -> 1.2371979 | G46: =SUM(D46:E46) -> 11.832196 | I46: = (17) / Total Tranches * (18)
B47: 22 | C47: Weighted Avg Trans | D47: =D41/$G$41*D44 -> 0 | E47: =E41/$G$41*E44 -> 0 | G47: =SUM(D47:E47) -> 0 | I47: = (17) / Total Tranches * (19)
B48: 20 | C48: Weighted Avg Total Price | G48: =ROUND(G46,3) -> 11.832 | I48: = (19)
C50: * Includes Impact of PJM Marginal Losses
C51: ** Auction results set to 1.0 to avoid using an atypical result from the current 12-month forward prices.
